Cogmind - Beta 16.1 @@@ ROGUE MODE // 2026.04.17 @ 00:35:11 Player: JuustuToug Result: Destroyed by MAIN.C with High-powered Disruptor Cannon Performance ------------- Evolutions (9) 4500 Regions Visited (26) 5200 Robots Destroyed (294) 1470 Value Destroyed (10356) 10356 Prototype IDs (78) 1560 Alien Tech Used (6) 1200 Bonus (13609) 13609 TOTAL SCORE: 37895 Bonus ------- Triggered High Security 500 High Alert Combat Kills 334 Follower Combat Kills 4941 Awakened Behemoth Slayer 1000 Network Hubs Disabled 600 Met Imprinter 300 Was Imprinted 300 Built Enhanced Grunts 300 A7 Reached Mainframe 300 Met R17 at Cetus 500 Destroyed MAIN.C Guards 500 Met MAIN.C 5000 Hacked MAIN.C 300 Friendly Fire -1266 Cogmind --------- Core Integrity 0/1600 Matter 268/300 Energy 328/350 System Corruption 73% Temperature Cool (18) Movement Hovering (110) Ox1 Location -1/Command Parts ------- > --- POWER (2) -------- (None) > --- PROPULSION (8) --- Improved Gyrokinetic Inverter > --- UTILITY (13) ----- Large Storage Unit Experimental Signal Interpreter Improved Hacking Suite > --- WEAPON (2) ------- Nanosword CR-A16's Behemoth Slayer > --- INVENTORY (15) --- Light Particle Reactor Micro Antimatter Reactor Advanced Gravity Neutralizer Transdimensional Reconstructor Sigix Sheargun Cooled Nova Cannon Multirail Heavy Shock Bomb Launcher Enhanced Gamma Bomb Array Improved Remote Datajack Peak State ------------ > --- POWER ------------ Light Quantum Reactor Improved Quantum Reactor > --- PROPULSION ------- Improved Antigrav System Cooled Antigrav System Antigrav Array Experimental Gyrokinetic Inverter Combat Linear Gravjet Combat Linear Gravjet Combat Linear Gravjet > --- UTILITY ---------- Experimental Power Amplifier Advanced Cooling System Large Storage Unit Structural Scanner Machine Analyzer Spectral Analyzer Advanced Signal Interpreter Advanced Transmission Jammer Makeshift ECM Suite Experimental Reaction Control System Improved Utility Shielding Medium Regenerative Plating Ghost Barrier > --- WEAPON ----------- Sigix Sheargun Gravity Flail > --- INVENTORY -------- Light Quantum Reactor Improved Gyrokinetic Inverter Improved Gyrokinetic Inverter Advanced Cooling System Long-range Sensor Array Seismic Detector Advanced Point Defense System Transdimensional Reconstructor Terrabomb Sigix Sheargun Nova Cannon Enhanced Gamma Bomb Array Tiamat Missile Launcher Improved Remote Datajack CR-A16's Behemoth Slayer [Rating: 192] Favorites ----------- Power Cold Fusion Reactor Engine Deuterium Engine Power Core Micro Nuclear Core Reactor Cold Fusion Reactor Propulsion Light Treads Treads Light Treads Leg VSS Leg Wheel Wheel Hover Unit Combat Linear Gravjet Utility Large Storage Unit Device Seismic Detector Storage Large Storage Unit Processor Machine Analyzer Hackware Hacking Suite Protection Layered Medium Armor Plating Weapon Phasing Sabre Energy Gun Improved Medium Laser Energy Cannon Heavy Particle Cannon Ballistic Gun Minigun Launcher Tiamat Missile Launcher Special Weapon Improved Remote Datajack Impact Weapon Gravity Flail Slashing Weapon Phasing Sabre Piercing Weapon CR-A16's Behemoth Slayer Build | -11 -10 -10 -9 -9 -8 -8 -7 -7 -7 -7 -6 -6 -6 -6 -6 -6 -5 -5 -5 -4 -3 -2 -2 -2 -1 -1 ------- Run | Yrd Mat Min Mat Min Mat Sto Fac Low Low Zio Pro Fac Ext Cet Arc Hub Fac Upp Upp Fac Res Res Tes Sec Acc Com Slots Evolved 18 | . . . 2 . 2 . 2 . . . . 2 . . . . 2 . . 2 2 2 . . 2 . Power 1 | . . . . . . . 1 . . . . . . . . . . . . . . . . . . . Propulsion 6 | . . . 1 . 1 . . . . . . . . . . . 1 . . . 2 1 . . . . Utility 11 | . . . 1 . 1 . 1 . . . . 2 . . . . 1 . . 2 . 1 . . 2 . Weapon . | . . . . . . . . . . . . . . . . . . . . . . . . . . . Parts Attached 337 | 7 8 1 16 8 30 13 7 2 1 1 9 11 19 6 3 . 10 7 1 29 14 20 24 8 26 56 Power 49 | 1 2 . 2 1 4 . 2 . . . . 2 . 2 . . 2 2 . 5 3 4 1 1 3 12 Engine 14 | 1 1 . 2 1 3 . 1 . . . . . . . . . . 2 . 1 . 1 . . . 1 Core 6 | . 1 . . . 1 . 1 . . . . . . . . . 2 . . 1 . . . . . . Reactor 29 | . . . . . . . . . . . . 2 . 2 . . . . . 3 3 3 1 1 3 11 Propulsion 119 | 2 1 . 4 5 14 10 1 . 1 . 1 4 9 1 2 . 2 1 1 11 6 10 6 2 7 18 Treads 28 | 2 1 . 4 2 11 3 . . . . . 1 . 1 . . . 1 . . . . . . . 2 Leg 32 | . . . . . . 6 1 . 1 . 1 3 9 . 2 . 2 . 1 5 . . . . . 1 Wheel 6 | . . . . 3 3 . . . . . . . . . . . . . . . . . . . . . Hover 53 | . . . . . . 1 . . . . . . . . . . . . . 6 6 10 6 2 7 15 Flight . | . . . . . . . . . . . . . . . . . . . . . . . . . . . Utility 119 | 2 1 . 5 . 7 1 3 . . . 6 5 8 3 1 . 4 3 . 12 3 6 13 3 12 21 Device 70 | 1 . . 2 . 4 . 2 . . . 1 1 2 . 1 . 3 1 . 10 2 5 9 2 7 17 Storage 5 | 1 1 . 2 . . . . . . . . . . . . . . 1 . . . . . . . . Processor 12 | . . . . . . 1 1 . . . 1 3 . . . . 1 . . 1 . . 2 . 2 . Hackware 8 | . . . 1 . 2 . . . . . . . . . . . . . . . . . . . 3 2 Protection 24 | . . . . . 1 . . . . . 4 1 6 3 . . . 1 . 1 1 1 2 1 . 2 Artifact . | . . . . . . . . . . . . . . . . . . . . . . . . . . . Weapon 50 | 2 4 1 5 2 5 2 1 2 . 1 2 . 2 . . . 2 1 . 1 2 . 4 2 4 5 Energy Gun 8 | 2 2 . . . 1 . . . . . . . . . . . . . . . . . 1 2 . . Energy Cannon 12 | . . . 3 1 2 . 1 . . . . . . . . . . . . 1 . . 1 . 2 1 Ballistic Gun 4 | . . . 1 . 1 . . 1 . . . . . . . . . . . . . . . . . 1 Ballistic Cannon . | . . . . . . . . . . . . . . . . . . . . . . . . . . . Launcher 11 | . 2 1 . 1 1 1 . . . . 1 . . . . . 2 . . . 1 . 1 . . . Special Weapon 1 | . . . . . . . . . . . . . . . . . . . . . . . . . . 1 Impact Weapon 4 | . . . 1 . . 1 . . . . . . . . . . . . . . . . 1 . 1 . Slashing Weapon 7 | . . . . . . . . 1 . 1 . . 1 . . . . 1 . . 1 . . . . 2 Piercing Weapon 3 | . . . . . . . . . . . 1 . 1 . . . . . . . . . . . 1 . Special Melee Weapon . | . . . . . . . . . . . . . . . . . . . . . . . . . . . Unidentified Prototypes 54 | . 2 . 1 . 2 2 1 . . . . 1 2 2 1 . 2 . . 4 3 . 12 6 5 8 Corrupted Parts 3 | . . . . . . . . . . . . . . . . . . . . . . . . . . 3 System Corruption 30 | . . . . . . . . . . . . . . . . . . . . . . . . . . 30 Parts Lost 115 | . . . . 8 1 2 . . . . 1 1 3 . 1 . 1 1 . . 18 6 1 3 14 54 Power 20 | . . . . 2 . . . . . . . . . . . . 1 . . . 4 1 . . 3 9 Propulsion 41 | . . . . 3 . . . . . . . 1 1 . . . . . . . 6 4 1 2 4 19 Utility 48 | . . . . 2 1 1 . . . . 1 . 1 . 1 . . 1 . . 7 1 . 1 7 24 Weapon 6 | . . . . 1 . 1 . . . . . . 1 . . . . . . . 1 . . . . 2 Highest Loss Streak 20 | . . . . 4 1 1 . . . . 1 1 1 . 1 . 1 1 . . 13 3 1 2 6 20 To Critical Strikes 1 | . . . . . . . . . . . . . . . . . . . . . . . . . . 1 Average Backups 13 | 1 7 10 10 13 14 14 14 15 15 14 14 14 14 15 15 14 14 14 14 14 14 11 14 14 14 13 Power 1 | . 1 1 1 . . 1 . 1 1 1 1 1 1 1 1 1 1 . 1 1 1 . 1 1 1 1 Propulsion 2 | . . 1 2 . . 3 4 4 4 4 4 4 3 4 4 4 3 1 2 3 3 1 1 1 1 1 Utility 4 | . . 3 1 4 6 4 4 4 4 4 5 4 5 6 6 5 5 5 4 4 3 2 3 4 3 3 Weapon 5 | . 4 5 5 8 6 5 5 6 6 5 4 5 4 4 3 3 3 5 6 5 4 4 6 5 5 5 Tool/Special . | . . . . . . . . . . . . . . . . . . . . . . . . . . . Unused Backups 74 | . 6 . 11 1 9 8 2 1 . 2 4 1 . . 1 1 1 1 1 9 1 2 2 . 2 8 Power 12 | . 1 . 2 . 2 . . . . . . 1 . . 1 . . . . 1 . 2 . . 1 1 Propulsion 16 | . . . . 1 1 7 . . . . . . . . . . . . . 6 1 . . . . . Utility 10 | . . . 1 . 2 . 1 1 . . . . . . . . . . 1 2 . . . . . 2 Weapon 33 | . 5 . 8 . 4 1 . . . 2 4 . . . . 1 . 1 . . . . 2 . 1 4 Tool/Special 3 | . . . . . . . 1 . . . . . . . . . 1 . . . . . . . . 1 Average Slot Usage (%) 97 | . 99 100 99 93 97 99 97 100 100 100 99 99 99 89 91 100 97 96 94 97 91 77 94 94 95 89 Engine 5 | . 12 14 11 11 6 . 7 7 7 7 7 . . . . . . 4 5 2 . 2 . . . . Core 2 | . 1 . . . 2 8 6 7 7 7 7 . . . . . 4 5 5 2 2 . . . . . Reactor 3 | . . . . . . . . . . . . 12 13 13 13 13 5 . . 4 6 4 8 8 7 7 Treads 10 | . 27 28 32 19 28 20 . . . . . . . 4 3 . . 2 4 . . . . . . . Leg 12 | . . . . . . 15 30 30 30 30 30 25 25 15 18 26 27 22 17 14 . . . . . . Hover 5 | . . . . . . . . . . . . . . . . . . . . 10 27 29 29 29 29 28 Device 14 | . 14 14 11 15 17 18 13 15 15 15 6 7 6 1 2 6 7 9 11 20 16 16 25 22 26 23 Storage 7 | . 14 14 11 11 9 9 7 7 7 7 7 6 6 6 6 6 5 5 5 5 4 4 4 4 4 4 Processor 11 | . . . . . . 6 13 15 15 15 14 25 20 20 20 20 22 23 23 21 18 13 13 13 12 11 Hackware 2 | . . . 10 6 3 2 . . . . . . . . . . . . . . . . . . 4 6 Protection 3 | . . . . . 4 . . . . . 7 5 12 13 13 12 8 6 5 5 3 2 3 6 2 . Energy Gun 2 | . 27 27 . . . . . . . . . . . . . . . . . . . . . . 1 . Energy Cannon 3 | . . . 16 15 8 9 3 2 . . . . . . . 2 . . . . . . 3 1 2 . Ballistic Gun 1 | . . . . . 8 8 7 7 7 2 . . . . . . . . . . . . . . . . Impact Weapon 1 | . . . 5 6 . . 3 1 . . . . . . . . . . . . . . 3 3 3 1 Slashing Weapon 4 | . . . . . . . . 2 7 12 14 12 10 6 6 4 4 5 5 4 3 2 . . . 3 Piercing Weapon 1 | . . . . . . . . . . . . . 1 6 6 6 5 3 5 4 3 2 . 1 . . Peak Build Rating 192 | 7 14 14 19 19 36 37 45 45 45 47 52 68 85 104 99 101 106 99 93 120 132 138 178 168 192 187 Average Rating 68 | 5 11 13 18 18 26 35 41 44 45 46 47 64 72 93 94 94 100 92 92 110 123 103 159 160 180 167 On Entrance 69 | . 7 14 14 19 11 36 36 43 45 45 47 49 64 85 99 93 100 90 93 89 110 57 126 168 162 173 Avg Prop Armor Cover (%) 7 | . . . . 10 14 . . . . . . . . 6 8 . . 12 13 . . 8 2 . 3 3 Naked Turns . | . . . . . . . . . . . . . . . . . . . . . . . . . . . Heaviest Build 96 | 15 25 25 37 42 47 44 51 46 43 45 63 62 73 80 73 82 79 74 67 82 72 70 90 91 96 91 Greatest Support 125 | 40 40 40 60 60 80 82 54 54 57 57 62 70 88 82 88 88 100 94 85 125 78 81 115 115 113 115 Greatest Overweight (x) 4 | . . . . 4 3 3 . . . . 1 1 . . 1 . 1 1 . 3 1 . . . . 3 Average Overweight (x) . | . . . . . 1 . . . . . . . . . . . . . . . . . . . . . Largest Inventory Capacity 15 | 8 10 10 15 15 15 15 15 15 15 15 15 15 15 15 15 15 15 15 15 15 15 15 15 15 15 15 Average Capacity 13 | 7 8 10 10 15 15 15 15 15 15 15 15 15 15 15 15 15 15 15 15 15 15 15 15 15 15 15 Most Carried 15 | 2 10 10 15 15 15 15 15 15 15 15 15 15 15 15 15 15 15 15 15 15 15 15 15 15 15 15 Average Carried 13 | 1 7 10 10 13 14 14 14 15 15 14 14 14 14 15 14 14 14 14 14 14 14 11 14 14 14 13 Final Capacity 15 | 8 10 10 15 15 15 15 15 15 15 15 15 15 15 15 15 15 15 15 15 15 15 15 15 15 15 15 Final Carried 15 | 2 10 10 15 15 15 15 15 15 15 15 15 15 15 15 14 15 15 15 15 15 9 15 15 15 12 10 Class Distribution -------------------- 25% | Scavenger-Mutant 20% | Assassin 15% | Mutant 6% | Scavenger-Assassin 5% | Scavenger-Ninja 4% | Infiltrator-Ninja 3% | Gladiator 3% | Commander-Mutant Dominant Class ---------------- Mutant | -10/Materials Mutant | -10/Mines Scavenger-Mutant | -9/Materials Scavenger-Mutant | -9/Mines Scavenger-Mutant | -8/Materials Mutant | -8/Storage Skirmisher | -7/Factory Assassin | -7/Lower Caves Assassin | -7/Lower Caves Assassin | -7/Zion Assassin | -6/Proximity Caves Gladiator | -6/Factory Scavenger-Assassin | -6/Extension Commander-Mutant | -6/Cetus Commander-Mutant | -6/Archives Commander-Mutant | -6/Hub_04(d) Scavenger-Mutant | -5/Factory Assassin | -5/Upper Caves Assassin | -5/Upper Caves Infiltrator-Ninja | -4/Factory Infiltrator-Ninja | -3/Research Scavenger-Mutant | -2/Research Scavenger-Ninja | -2/Testing Infiltrator-Mutant | -2/Section 7 Hacker-Ninja | -1/Access Scavenger-Ninja | -1/Command Resources | -11 -10 -10 -9 -9 -8 -8 -7 -7 -7 -7 -6 -6 -6 -6 -6 -6 -5 -5 -5 -4 -3 -2 -2 -2 -1 -1 ----------- Run | Yrd Mat Min Mat Min Mat Sto Fac Low Low Zio Pro Fac Ext Cet Arc Hub Fac Upp Upp Fac Res Res Tes Sec Acc Com Matter Collected 7521 | 168 303 97 282 150 575 534 27 175 6 30 207 158 392 91 30 57 62 602 8 566 249 424 175 300 780 1073 Remotely 68 | . . . . . . . . . . . . . . . . . . . . . . . . . 68 . Salvage Created 11666 | 170 558 129 1135 267 1125 1015 15 55 . . 201 156 514 84 72 573 493 655 171 473 1049 715 240 232 856 713 Parts 627 | 13 31 7 52 3 64 57 . 1 . . 14 5 28 1 5 18 28 24 . 33 65 54 . 15 68 41 Haulers Intercepted 15 | . 2 . 6 . . 5 . . . . . . . . . 1 1 . . . . . . . . . Recyclers Shooed 9 | 1 1 . 1 . 1 . . . . . . . . . . . . . . 1 2 1 1 . . . Parts Field Recycled . | . . . . . . . . . . . . . . . . . . . . . . . . . . . Retrieved Matter . | . . . . . . . . . . . . . . . . . . . . . . . . . . . Parts Self-Destructed 23 | . . . . . . . . . . 2 6 . . . . . . 15 . . . . . . . . Prevented 20 | . . . . . . . . . . . 11 . . . . . . 9 . . . . . . . . Parts Restored . | . . . . . . . . . . . . . . . . . . . . . . . . . . . Kills | -11 -10 -10 -9 -9 -8 -8 -7 -7 -7 -7 -6 -6 -6 -6 -6 -6 -5 -5 -5 -4 -3 -2 -2 -2 -1 -1 ------- Run | Yrd Mat Min Mat Min Mat Sto Fac Low Low Zio Pro Fac Ext Cet Arc Hub Fac Upp Upp Fac Res Res Tes Sec Acc Com Combat Hostiles Destroyed 177 | . 12 6 15 7 28 19 . . . . 4 2 8 2 . . 6 13 . 7 8 8 1 1 19 11 Melee 30 | . . . 6 . . . . . . . 1 2 5 2 . . . 2 . 3 4 2 . . 1 2 Guns 24 | . 9 2 . . 6 4 . . . . . . . . . . . . . . . . . . 3 . Cannons 25 | . . . 6 1 11 7 . . . . . . . . . . . . . . . . . . . . AOE 78 | . 3 4 . 4 11 6 . . . . 3 . 2 . . . 2 9 . 4 4 4 . . 14 8 Classes Destroyed 23 | 3 5 2 2 2 1 . . 1 . . 2 . 1 . . 1 . . . 1 . . 1 . 1 . Worker 22 | 1 1 . . 1 . 1 . . . . . . . . . 2 2 . . 1 2 1 . 3 1 6 Builder 15 | . 2 . 1 . . . . . . . . . 1 . . . 2 . . 1 5 2 . . 1 . Tunneler 14 | 4 1 . 1 . 1 . 1 . . . . . . . . . 1 . . . 2 2 . . 1 . Hauler 15 | . 2 . 6 . . 5 . . . . . . . . . 1 1 . . . . . . . . . Recycler 14 | 1 1 . 1 2 . . . . . . . . . . . 1 . . . 1 4 1 1 . . 1 Mechanic 4 | . . 1 1 . 1 . . . . . . . . . . . . . . . . . . . . 1 Operator 15 | . 1 . 1 . 2 . . . . . . . . . 2 . 1 . . 2 1 2 . 1 . 2 Drone 1 | . . . . . . . . . . . 1 . . . . . . . . . . . . . . . Watcher 15 | . 1 . 2 . 1 2 . . . . . . . . . . 1 . . 1 2 1 . . 3 1 Swarmer 55 | . . 2 . . 8 6 . . . . . . 1 . . . 2 7 . 4 4 4 . . 12 5 Cutter 2 | . . . . . . . . . . . . . . . . . . . . . . . . . 2 . Grunt 55 | . 12 4 8 2 13 4 . . . . . 1 4 . . . 2 5 . . . . . . . . Brawler 1 | . . . . 1 . . . . . . . . . . . . . . . . . . . . . . Duelist 2 | . . . 2 . . . . . . . . . . . . . . . . . . . . . . . Researcher 1 | . . . . . . . . . . . . . . . . . . . . . . . 1 . . . Sentry 23 | . . . 5 . 6 9 . . . . . . 1 . . . . 1 . . . . . . 1 . Hunter 5 | . . . . . 1 . . . . . 2 . . . . . 2 . . . . . . . . . Programmer 18 | . . . . . . . . . . . . . . . . . . . . 3 4 2 1 . 3 5 Behemoth 9 | . . . . . . . . . . . 1 1 2 . . . . . . . . 2 . 1 1 1 Cetus Guard 2 | . . . . . . . . . . . . . . 2 . . . . . . . . . . . . Enhanced Grunt 1 | . . . . . . . . . . . . . . . . 1 . . . . . . . . . . Z-Light 2 | . . . . . . . . . . . . . . . . 2 . . . . . . . . . . Decomposer 2 | . . . . . . . . 1 . . . . . . . . . 1 . . . . . . . . Samaritan 1 | . . . . . . . . 1 . . . . . . . . . . . . . . . . . . Assembled 4 | . . . . 4 . . . . . . . . . . . . . . . . . . . . . . Thug 1 | . . . . . . . . . . . . . . . . 1 . . . . . . . . . . Butcher 1 | . . . . . . . . . . . . . . . . 1 . . . . . . . . . . Mutant 1 | . . . . . . . . . . . . . 1 . . . . . . . . . . . . . Best Kill Streak 13 | 3 4 3 3 5 5 5 1 . . . 2 1 2 1 1 3 13 5 . 5 11 9 2 2 7 7 Combat Bots Only 7 | . 2 2 3 3 5 5 . . . . 2 1 2 1 . . 6 5 . 5 4 7 1 1 6 5 Max Kills in Single Turn 5 | 1 2 3 1 2 4 3 1 1 . . 2 1 2 1 1 4 2 3 . 3 4 3 1 1 5 4 Gunslinging . | . . . . . . . . . . . . . . . . . . . . . . . . . . . Exploded 5 | . 1 2 . 1 4 3 . . . . 2 . 2 . . . 1 3 . 3 3 2 . . 5 4 Melee 1 | . . . 1 . . . . . . . 1 1 1 1 . . . 1 . 1 1 1 . . 1 1 Uniques/NPCs Destroyed . | . . . . . . . . . . . . . . . . . . . . . . . . . . . Combat | -11 -10 -10 -9 -9 -8 -8 -7 -7 -7 -7 -6 -6 -6 -6 -6 -6 -5 -5 -5 -4 -3 -2 -2 -2 -1 -1 -------- Run | Yrd Mat Min Mat Min Mat Sto Fac Low Low Zio Pro Fac Ext Cet Arc Hub Fac Upp Upp Fac Res Res Tes Sec Acc Com Hostile Shots Fired 1648 | . 66 11 70 44 76 82 . . . . 18 10 155 13 12 41 112 44 . 57 154 50 35 88 136 374 Missed 573 | . 23 4 17 9 19 24 . . . . 5 4 54 4 3 15 41 16 . 13 54 20 18 37 57 136 Intercepted 9 | . . . . . . . . . . . . . . . . . . . . . . . . . . 9 Hits 1075 | . 43 7 53 35 57 58 . . . . 13 6 101 9 9 26 71 28 . 44 100 30 17 51 79 238 Melee 15 | . . . 1 5 . . . . . . . . 1 . . . 1 . . . 1 . . . 5 1 Projectile 1060 | . 43 7 52 30 57 58 . . . . 13 6 100 9 9 26 70 28 . 44 99 30 17 51 74 237 AOE 28 | . . . . 19 . . . . . . . . . . . . . . . . . . . . 3 6 Critical Strikes 61 | . 1 1 2 . 4 2 . . . . 1 . 1 2 . . 3 . . 5 5 2 2 1 10 19 Part Disruptions 14 | . . . . . . . . . . . . . 1 . . . . . . . 1 . . . 4 8 Damage Taken 24466 | . 658 129 677 1059 776 665 . . . . 463 188 1131 324 205 989 856 369 . 671 2553 1039 474 1443 2346 7451 Core 3277 | . 138 47 151 203 31 38 . . . . 72 35 52 . 24 41 46 26 . 40 414 48 52 191 220 1408 Absorbed by Shields 1354 | . . . . . 164 180 . . . . . . 213 62 . . 316 138 . 181 . . . . . 100 Reduced by Siege Mode 498 | . . . . . . . . . . . . . . . . . . . . . . . . . . 498 Redirected to Shielding 204 | . . . . . . . . . . . . . . . . . . . . . 19 . . 49 44 92 Ignored by Resistances 98 | . . . . . . . . . . . . . . . . . . . . . . . . . . 98 Regen/Repaired (Parts) 1942 | . 88 . . . . . . . . . . . . . . . . . . 131 . . 115 1231 192 185 Core Remaining (%) 73 | 100 . 26 . 11 . 87 . . . . 89 . . . . 82 . . 92 96 68 . . 84 . . Volleys Fired 426 | 14 55 13 49 9 62 50 9 . . . 3 . 6 . . 7 8 14 . 2 4 4 1 9 59 48 Largest 2 | 2 2 2 2 2 2 2 2 . . . 1 . 1 . . 1 1 1 . 1 1 1 1 1 1 1 Hottest 150 | 100 112 112 136 150 98 100 100 . . . 39 . 90 . . 30 46 90 . 39 46 46 113 113 120 150 Shots Fired 631 | 28 101 17 97 13 110 91 11 . . . 3 . 6 . . 7 8 14 . 2 4 4 1 9 59 46 Gun 249 | 28 93 8 4 . 48 41 3 . . . . . . . . . . . . . . . . . 23 1 Cannon 293 | . . . 93 8 51 47 8 . . . . . 4 . . 7 . 3 . . . . 1 6 30 35 Launcher 88 | . 8 9 . 5 11 3 . . . . 3 . 2 . . . 8 11 . 2 4 4 . 3 6 9 Special 1 | . . . . . . . . . . . . . . . . . . . . . . . . . . 1 Kinetic 93 | . . . . . 48 41 3 . . . . . . . . . . . . . . . . . . 1 Thermal 426 | 28 93 8 97 8 51 47 8 . . . . . 4 . . 7 . 3 . . . . 1 6 30 35 Explosive 72 | . 8 9 . 5 11 3 . . . . 3 . 2 . . . 3 2 . 2 4 3 . 3 6 8 Electromagnetic 16 | . . . . . . . . . . . . . . . . . 5 9 . . . 1 . . . 1 Slashing 23 | . . . . . . . . . . . . . . . . . . . . . . . . . 23 . Robot Hit Streak 21 | 8 6 10 15 3 12 17 21 . . . 1 . 1 . . . . 1 . . 2 6 . . 4 13 Robot Miss Streak 5 | 1 4 1 5 2 4 2 2 . . . 1 . 1 . . . 1 3 . . . . . . 4 1 Penetration Max 1 | . . . . . . . . . . . . . . . . . . . . . . . . . 1 . Secondary Targets . | . . . . . . . . . . . . . . . . . . . . . . . . . . . Shots Hit Robots 564 | 20 56 11 79 16 68 62 5 2 . . 6 10 27 6 2 2 2 7 3 28 36 20 7 6 18 65 Core Hits 408 | 7 36 13 24 10 52 33 1 1 . . 4 3 16 4 2 23 16 17 1 10 30 26 . 3 33 43 Critical Kills 4 | . . . 2 . . . . 1 . . . . . . . . . . . . . . . . 1 . Critical Parts Destroyed 14 | . . . 4 1 . 2 . 1 . . . . . . . . . . . . . . 3 . 1 2 Critical Strikes 61 | 4 9 . 7 1 . 2 . 2 . . . 1 8 2 . 1 . . . 6 9 2 3 . 2 2 Burn 14 | 4 9 . 1 . . . . . . . . . . . . . . . . . . . . . . . Meltdown 1 | . . . 1 . . . . . . . . . . . . . . . . . . . . . . . Smash 17 | . . . 5 1 . 2 . 2 . . . . . . . . . . . . . . 3 . 2 2 Sever 22 | . . . . . . . . . . . . 1 7 2 . . . . . 5 7 . . . . . Impale 7 | . . . . . . . . . . . . . 1 . . 1 . . . 1 2 2 . . . . Melee Attacks 473 | . . . 28 15 . 7 14 3 . 3 20 24 37 8 2 8 13 10 3 53 72 19 26 15 16 77 Impact 131 | . . . 28 15 . 7 14 3 . . . . . . . . . . . . . . 25 12 13 14 Slashing 276 | . . . . . . . . . . 3 15 18 33 7 2 5 12 9 2 46 57 13 1 . . 53 Piercing 66 | . . . . . . . . . . . 5 6 4 1 . 3 1 1 1 7 15 6 . 3 3 10 Sneak Attacks 52 | . . . 3 3 . . . 2 . . . . 6 . 2 1 1 1 . 5 8 7 2 4 2 5 Combat Hostiles 3 | . . . . 1 . . . . . . . . . . . . . . . . . 1 . . 1 . Follow-up Attacks 23 | . . . . . . . . . . . . 5 5 . . 1 . 1 1 2 5 . . . . 3 Damage Inflicted 33712 | 251 1348 742 1969 825 2195 1879 103 146 . . 468 380 1660 243 194 1286 1235 1082 233 1764 3319 2045 674 531 2605 6535 Guns 2579 | 251 811 105 52 . 422 359 28 . . . . . . . . . . . . . . . . . 532 19 Cannons 5550 | . . . 1189 125 900 925 75 . . . . . . . . . . . . . . . . . 42 2294 Explosions 12630 | . 533 635 . 280 867 363 . . . . 303 . 480 . . 1146 1069 739 . 327 1255 1108 . . 1676 1849 Melee 12497 | . . . 719 420 . 190 . 146 . . 165 368 1161 243 194 127 146 343 233 1437 1817 914 674 497 355 2348 Ramming 456 | . 4 2 9 . 6 42 . . . . . 12 19 . . 13 20 . . . 247 23 . 34 . 25 Kinetic 828 | . . . . . 422 359 28 . . . . . . . . . . . . . . . . . . 19 Thermal 6789 | 251 811 105 1241 125 900 925 75 . . . . . . . . . . . . . . 20 . . 42 2294 Explosive 10016 | . 533 635 . 280 867 363 . . . . 303 . 480 . . . 389 333 . 327 1255 911 . . 1676 1664 Electromagnetic 2594 | . . . . . . . . . . . . . . . . 1146 680 406 . . . 177 . . . 185 Impact 3364 | . . . 719 420 . 190 . 146 . . . . . . . . . . . . . . 674 261 355 599 Slashing 8247 | . . . . . . . . . . . . 228 1039 243 194 89 146 305 161 1378 1592 670 . . 532 1670 Piercing 1418 | . . . . . . . . . . . 165 140 122 . . 38 . 38 72 59 225 244 . 236 . 79 Highest Corruption 73 | . . . . . . . 1 1 1 1 . . . . . 6 3 4 4 10 14 . 2 5 13 73 Average Corruption 8 | . . . . . . . 1 1 1 1 . . . . . 1 3 3 4 6 4 . 2 3 9 23 Corruption Purged . | . . . . . . . . . . . . . . . . . . . . . . . . . . . Corruption Blocked . | . . . . . . . . . . . . . . . . . . . . . . . . . . . Effects 156 | . . . . . . . 3 1 2 . . . . . . 1 . 19 5 17 5 . 2 11 21 69 Message Errors 35 | . . . . . . . . . 1 . . . . . . . . 6 1 4 2 . . 3 8 10 Matter Fused 42 | . . . . . . . . . 1 . . . . . . . . 5 1 5 2 . 1 5 5 17 Heat Flow Errors 17 | . . . . . . . 1 . . . . . . . . . . 2 1 4 1 . 1 . 2 5 Energy Discharges 21 | . . . . . . . 2 . . . . . . . . . . 2 . 1 . . . 2 3 11 Parts Rejected 3 | . . . . . . . . . . . . . . . . 1 . . . . . . . . . 2 Parts Fused 1 | . . . . . . . . . . . . . . . . . . . . . . . . . . 1 Data Loss (minor) 17 | . . . . . . . . 1 . . . . . . . . . 3 . . . . . 1 3 9 Data Loss (major) 3 | . . . . . . . . . . . . . . . . . . 1 2 . . . . . . . Alerts 3 | . . . . . . . . . . . . . . . . . . . . 1 . . . . . 2 Misdirections 12 | . . . . . . . . . . . . . . . . . . . . 2 . . . . . 10 Weapon Failures 2 | . . . . . . . . . . . . . . . . . . . . . . . . . . 2 Overload Shots 39 | . . . . . . . . . . . . . 4 . . . . 3 . . . . . . . 32 Effects 3 | . . . . . . . . . . . . . . . . . . . . . . . . . . 3 Energy Bleed 1 | . . . . . . . . . . . . . . . . . . . . . . . . . . 1 Heat Surge 2 | . . . . . . . . . . . . . . . . . . . . . . . . . . 2 Overflow Damage 3750 | . 3 13 246 200 10 112 3 68 . . 39 . 46 . . 80 97 13 98 298 524 267 533 22 325 753 Projectiles 29 | . . . 26 . . . 3 . . . . . . . . . . . . . . . . . . . Explosions 578 | . 3 13 . . 10 . . . . . 39 . . . . 31 42 13 . . 51 37 . . 256 83 Melee 3143 | . . . 220 200 . 112 . 68 . . . . 46 . . 49 55 . 98 298 473 230 533 22 69 670 Knockbacks 14 | . . . 2 2 . . . . . . . . . . . . . . . . . . 5 2 1 2 Impact 13 | . . . 2 2 . . . . . . . . . . . . . . . . . . 5 2 1 1 Kinetic . | . . . . . . . . . . . . . . . . . . . . . . . . . . . Secondary 1 | . . . . . . . . . . . . . . . . . . . . . . . . . . 1 Self-Inflicted Damage 1032 | . 17 32 . 82 123 11 . . . . 63 . 8 . . 309 . 15 . . 121 55 . 17 158 21 Shots 23 | . 1 1 . 3 5 1 . . . . 1 . 1 . . 3 . 2 . . . 2 . . 2 1 Rammed 18 | . 2 1 1 . 1 . . . . . . . . . . . . . . . 10 1 . 1 . 1 Targets Rammed 31 | . 3 1 1 . 1 4 . . . . . 2 2 . . 3 1 . . . 10 1 . 1 . 1 Kicked 12 | . . . . . . 4 . . . . . 2 2 . . 3 1 . . . . . . . . . Crushed 1 | . 1 . . . . . . . . . . . . . . . . . . . . . . . . . Highest Temperature 348 | 273 348 90 319 162 174 104 201 . . . . . 42 . . 3 62 196 252 258 202 186 203 76 299 313 Average Temperature 71 | 110 92 34 90 72 44 23 70 . . . . . 20 . . 3 22 66 125 119 44 118 57 28 53 69 Received Heat Transfer 3135 | . 318 33 330 82 311 255 . . . . 36 24 344 44 36 84 164 54 . 12 111 45 90 99 90 573 Effects 5 | 1 2 . 1 . . . . . . . . . . . . . . . 1 . . . . . . . Energy Bleed 2 | 1 . . . . . . . . . . . . . . . . . . 1 . . . . . . . Interference 2 | . 1 . 1 . . . . . . . . . . . . . . . . . . . . . . . Damage (minor) 1 | . 1 . . . . . . . . . . . . . . . . . . . . . . . . . Siege Activations 1 | . . . . . . . . . . . . . . . . . . . . . . . . . . 1 Total Turns 56 | . . . . . . . . . . . . . . . . . . . . . . . . . . 56 Longest Duration 56 | . . . . . . . . . . . . . . . . . . . . . . . . . . 56 Martial Activations . | . . . . . . . . . . . . . . . . . . . . . . . . . . . Shielding Activations . | . . . . . . . . . . . . . . . . . . . . . . . . . . . Robots Disrupted 1 | . . . . . . . . . . . . . . . . . 1 . . . . . . . . . Combat Hostiles 1 | . . . . . . . . . . . . . . . . . 1 . . . . . . . . . Robots Corrupted 23 | . . . 4 2 . 2 . 1 . . . . . . . 2 5 2 . . 1 . 2 1 1 . Combat Hostiles 13 | . . . 2 2 . 2 . . . . . . . . . . 4 2 . . . . 1 . . . Parts Fried 41 | . . . 2 2 . 1 . 4 . . 2 . . . . 8 8 2 . . 3 . 4 4 1 . Impact Corruptions 51 | . . . 12 8 . 4 . 4 . . . . . . . . . . . . 2 . 12 1 2 6 Robots Melted 1 | . . . 1 . . . . . . . . . . . . . . . . . . . . . . . Combat Hostiles 1 | . . . 1 . . . . . . . . . . . . . . . . . . . . . . . Parts Melted 21 | 4 5 . 6 . 3 2 1 . . . . . . . . . . . . . . . . . . . Heat Transferred 9748 | 1036 2701 222 2331 185 1332 1369 111 . . . . . . . . . . . . . . 100 . . 37 324 Parts Sabotaged 2 | . . . . . . . . . . . . . . . . . 2 . . . . . . . . . Parts Stolen . | . . . . . . . . . . . . . . . . . . . . . . . . . . . Parts Stripped . | . . . . . . . . . . . . . . . . . . . . . . . . . . . Power Chain Reactions 1 | . . . . . . . . . . . . . . . . . . . . . . 1 . . . . Alert | -11 -10 -10 -9 -9 -8 -8 -7 -7 -7 -7 -6 -6 -6 -6 -6 -6 -5 -5 -5 -4 -3 -2 -2 -2 -1 -1 ------- Run | Yrd Mat Min Mat Min Mat Sto Fac Low Low Zio Pro Fac Ext Cet Arc Hub Fac Upp Upp Fac Res Res Tes Sec Acc Com Maximum Alert Level 5 | . 1 . 1 . 2 1 . . . . . . 1 1 1 3 2 . . . 1 2 1 1 1 5 Low Security (%) 70 | 100 97 100 83 100 56 79 100 . . . . 100 96 20 33 20 . . . 100 84 70 . 75 47 . Level 1 18 | . 2 . 16 . 32 20 . . . . . . 3 79 66 11 22 . . . 15 9 100 24 52 8 Level 2 5 | . . . . . 11 . . . . . . . . . . 29 77 . . . . 20 . . . 24 Level 3 2 | . . . . . . . . . . . . . . . . 38 . . . . . . . . . 30 Level 4 . | . . . . . . . . . . . . . . . . . . . . . . . . . . 6 Level 5 . | . . . . . . . . . . . . . . . . . . . . . . . . . . 2 High Security 2 | . . . . . . . . . . . . . . . . . . . . . . . . . . 27 Max Security . | . . . . . . . . . . . . . . . . . . . . . . . . . . . Peak Influence 2499 | 10 205 140 229 158 490 248 46 . . . . 150 300 318 258 970 616 . . 165 252 679 379 231 360 2499 Initial 475 | . . 61 32 66 . 82 46 . . . . 150 . 163 102 69 475 . . 63 54 84 353 191 52 173 Average 214 | 2 119 41 101 23 194 160 7 . . . . 66 85 242 201 500 477 . . 60 89 169 338 158 190 1131 Influence Increases 14639 | 30 591 245 796 104 1016 631 84 . . . 236 413 964 355 226 1261 335 290 10 369 572 775 244 188 904 4000 Destroy 0b10 Robot/C 6140 | . 240 140 420 60 560 380 . . . . 100 160 480 160 80 240 120 260 . 140 220 360 40 20 420 1540 Destroy 0b10 Robot/NC 725 | 30 45 5 80 15 25 40 5 . . . 10 5 25 10 10 35 40 5 10 30 80 55 5 20 35 105 Destroy Leader 1198 | . 66 20 172 10 132 144 . . . . 20 12 46 . . 56 24 10 . 32 34 74 10 . 76 260 Allied During Kill 2227 | . . 9 17 . . . . . . . 106 62 256 170 90 306 . . . 1 17 160 . . 12 1021 Successful Hack 447 | . 34 . 25 . 45 15 21 . . . . . 14 9 . . 72 . . 38 36 . 72 4 31 31 Select Force Hacks 120 | . 60 . 60 . . . . . . . . . . . . . . . . . . . . . . . Disable Machine 1020 | . 15 . 15 . 60 . 45 . . . . . 75 . 45 345 15 . . 15 . 15 90 90 60 135 Anti-Garrison Action 50 | . . . . . . . . . . . . . . . . . . . . . . . . . . 50 Destroy Structure 1947 | . 41 71 7 19 119 37 13 . . . . 9 38 6 1 264 64 . . 68 110 111 27 24 255 663 Advance Influence 150 | . . . . . . . . . . . . 150 . . . . . . . . . . . . . . Partial Spotted 120 | . . . . . . . . . . . . . . . . . . . . 15 15 . . 30 15 45 Lose Combat Pursuer 495 | . 90 . . . 75 15 . . . . . 15 30 . . 15 . 15 . 30 60 . . . . 150 Influence Decreases 12294 | 30 432 320 710 274 820 724 187 . . . 236 413 672 391 284 489 719 639 146 367 524 297 532 442 719 1927 Entered New Map 2309 | . . 98 52 104 . 114 57 . . . . . . 129 154 129 495 217 46 38 49 67 276 150 35 99 Time Decay 6744 | 30 432 222 638 129 510 440 129 . . . 236 323 482 222 80 130 214 392 100 299 246 150 246 262 404 428 Lost Part 1090 | . . . . 41 10 20 . . . . . 10 30 . 10 . 10 10 . . 169 60 10 30 140 540 Lost Ally 1701 | . . . 20 . . . 1 . . . . 80 160 40 40 230 . 20 . 30 60 20 . . 140 860 Purge Threat 450 | . . . . . 300 150 . . . . . . . . . . . . . . . . . . . . Squads Dispatched 80 | . 4 1 4 . 5 3 2 . . . . 1 2 . . 6 7 . . 4 5 4 2 3 10 17 Investigation 14 | . 2 . 2 . . 2 . . . . . . 1 . . . 2 . . . . 1 . . 3 1 Extermination 22 | . . . . . . . 2 . . . . 1 . . . . . . . 2 2 1 2 2 4 6 Reinforcement 29 | . 2 . 2 . 5 . . . . . . . 1 . . 4 2 . . 2 3 2 . 1 3 2 Assault 10 | . . 1 . . . . . . . . . . . . . . 1 . . . . . . . . 8 Garrison 5 | . . . . . . 1 . . . . . . . . . 2 2 . . . . . . . . . Intercept . | . . . . . . . . . . . . . . . . . . . . . . . . . . . Searches Triggered . | . . . . . . . . . . . . . . . . . . . . . . . . . . . Construction Impeded 2 | . . . . . . . . . . . . . . . . . 1 . . . 1 . . . . . Haulers Reinforced 2 | . . . . . . . . . . . . . . . . . 1 . . . . 1 . . . . Active Scanning Responses . | . . . . . . . . . . . . . . . . . . . . . . . . . . . Cargo Convoy Interrupts . | . . . . . . . . . . . . . . . . . . . . . . . . . . . Stealth | -11 -10 -10 -9 -9 -8 -8 -7 -7 -7 -7 -6 -6 -6 -6 -6 -6 -5 -5 -5 -4 -3 -2 -2 -2 -1 -1 --------- Run | Yrd Mat Min Mat Min Mat Sto Fac Low Low Zio Pro Fac Ext Cet Arc Hub Fac Upp Upp Fac Res Res Tes Sec Acc Com Distress Signals 35 | . 3 . 2 . 4 4 . . . . 1 1 1 1 . 4 1 . . . 4 . 1 1 2 5 Communications Jammed 5 | . . . . . . . . . . . . . . . . . . . . . . . . 5 . . Distress Signals 5 | . . . . . . . . . . . . . . . . . . . . . . . . 5 . . Times Spotted 577 | . 26 11 31 15 51 27 5 . . . 7 10 31 9 3 19 25 15 . 31 51 22 18 31 63 76 Peak Tracking Total 15 | . 4 4 3 3 7 4 2 . . . 3 4 5 5 2 12 15 7 . 7 11 6 7 9 8 8 Tactical Retreats 72 | . 4 . . 4 4 1 . . . . . 1 2 . . 1 . 1 . 6 9 . 5 8 12 14 ECM-based Alert Blocks 119 | . . . . . . . . . . . . . . . . . . . . 10 29 . 11 20 27 22 Traps | -11 -10 -10 -9 -9 -8 -8 -7 -7 -7 -7 -6 -6 -6 -6 -6 -6 -5 -5 -5 -4 -3 -2 -2 -2 -1 -1 ------- Run | Yrd Mat Min Mat Min Mat Sto Fac Low Low Zio Pro Fac Ext Cet Arc Hub Fac Upp Upp Fac Res Res Tes Sec Acc Com Traps Triggered 18 | . 1 . . . . 2 2 . . . . . 2 . . . 2 . . 4 1 1 2 1 . . Indirectly . | . . . . . . . . . . . . . . . . . . . . . . . . . . . Trap Hack Attempts . | . . . . . . . . . . . . . . . . . . . . . . . . . . . Triggered . | . . . . . . . . . . . . . . . . . . . . . . . . . . . Disarmed . | . . . . . . . . . . . . . . . . . . . . . . . . . . . Reprogrammed . | . . . . . . . . . . . . . . . . . . . . . . . . . . . Reused . | . . . . . . . . . . . . . . . . . . . . . . . . . . . Traps Extracted . | . . . . . . . . . . . . . . . . . . . . . . . . . . . Installed . | . . . . . . . . . . . . . . . . . . . . . . . . . . . Triggered . | . . . . . . . . . . . . . . . . . . . . . . . . . . . Machines | -11 -10 -10 -9 -9 -8 -8 -7 -7 -7 -7 -6 -6 -6 -6 -6 -6 -5 -5 -5 -4 -3 -2 -2 -2 -1 -1 ---------- Run | Yrd Mat Min Mat Min Mat Sto Fac Low Low Zio Pro Fac Ext Cet Arc Hub Fac Upp Upp Fac Res Res Tes Sec Acc Com Machines Disabled 72 | . 1 . 2 . 4 . 3 . . . . . 5 . 3 23 1 1 . 1 . 1 6 6 4 11 Max in Single Turn 6 | . 1 . 1 . 2 . 1 . . . . . 1 . . 6 1 1 . 1 . 1 1 1 1 2 Garrison Access 5 | . . . . . . 1 . . . . . . . . . . . . . 1 . . 1 . 2 . Phase Generator 1 | . . . . . . . . . . . . . . . . . . . . . . . . . . 1 Network Hub 3 | . . . . . . . . . . . . . . . . 3 . . . . . . . . . . Machines Repaired . | . . . . . . . . . . . . . . . . . . . . . . . . . . . Machines Dismantled . | . . . . . . . . . . . . . . . . . . . . . . . . . . . Machines Sabotaged . | . . . . . . . . . . . . . . . . . . . . . . . . . . . Overloaded Fab Kills . | . . . . . . . . . . . . . . . . . . . . . . . . . . . Hacking | -11 -10 -10 -9 -9 -8 -8 -7 -7 -7 -7 -6 -6 -6 -6 -6 -6 -5 -5 -5 -4 -3 -2 -2 -2 -1 -1 --------- Run | Yrd Mat Min Mat Min Mat Sto Fac Low Low Zio Pro Fac Ext Cet Arc Hub Fac Upp Upp Fac Res Res Tes Sec Acc Com Machines Accessed 88 | . 9 . 13 . 6 12 6 1 . . . . 4 1 . . 3 2 . 3 2 2 7 6 8 3 Terminals 52 | . 6 . 8 . 5 11 4 . . . . . 4 1 . . . 1 . . . . 2 5 3 2 Fabricators 4 | . . . . . . . 1 . . . . . . . . . . . . . . 1 2 . . . Repair Stations 5 | . 1 . 1 . 1 . . . . . . . . . . . . . . 1 . . . . . 1 Recycling Units 4 | . 2 . 2 . . . . . . . . . . . . . . . . . . . . . . . Scanalyzers 11 | . . . 2 . . . . . . . . . . . . . 2 . . 1 1 1 2 1 1 . Garrison Access 10 | . . . . . . 1 1 . . . . . . . . . 1 . . 1 1 . 1 . 4 . Total Hacks 233 | . 25 . 29 . 20 28 13 1 . . . . 6 1 . . 23 7 . 6 8 7 21 7 24 7 Successful 121 | . 19 . 20 . 14 11 6 1 . . . . 2 1 . . 8 7 . 4 3 1 9 6 5 4 Failed 107 | . 5 . 8 . 6 17 6 . . . . . 4 . . . 14 . . 2 4 6 12 1 19 3 Catastrophic 31 | . . . 2 . 2 2 1 . . . . . 2 . . . 2 . . 2 1 1 5 . 9 2 Database Lockouts 5 | . 1 . 1 . . . 1 . . . . . . . . . 1 . . . 1 . . . . . Manual 249 | . 19 . 18 . 15 14 10 . . . . 3 5 1 . 10 8 . . 22 15 14 9 10 42 34 Terminals 132 | . 21 . 19 . 18 26 11 . . . . . 6 1 . . . 6 . . . . 5 6 9 4 Fabricators 10 | . . . . . . . 1 . . . . . . . . . . . . . . 5 4 . . . Repair Stations 11 | . 2 . 1 . 2 . . . . . . . . . . . . . . 3 . . . . . 3 Recycling Units 4 | . 2 . 2 . . . . . . . . . . . . . . . . . . . . . . . Scanalyzers 51 | . . . 7 . . . . . . . . . . . . . 22 . . 2 5 2 11 1 1 . Garrison Access 23 | . . . . . . 2 1 . . . . . . . . . 1 . . 1 3 . 1 . 14 . Terminal Hacks 49 | . 7 . 4 . 7 7 3 1 . . . . 2 1 . . . 7 . . . . 1 5 2 2 Record 6 | . . . . . . . . . . . . . . . . . . 6 . . . . . . . . Part Schematic 3 | . . . . . . 3 . . . . . . . . . . . . . . . . . . . . Prototype ID Bank 7 | . 4 . . . 1 . 2 . . . . . . . . . . . . . . . . . . . Open Door 16 | . . . . . . 3 . 1 . . . . 2 1 . . . 1 . . . . 1 5 2 . Branch Access Points 2 | . . . 1 . 1 . . . . . . . . . . . . . . . . . . . . . Terminal Index 3 | . 2 . . . 1 . . . . . . . . . . . . . . . . . . . . . Fabricator Index 1 | . . . . . . . 1 . . . . . . . . . . . . . . . . . . . Scanalyzer Index 1 | . . . . . 1 . . . . . . . . . . . . . . . . . . . . . Alert Level 1 | . . . . . 1 . . . . . . . . . . . . . . . . . . . . . Unreport Threat 3 | . . . . . 2 1 . . . . . . . . . . . . . . . . . . . . Registered Components 3 | . 1 . 2 . . . . . . . . . . . . . . . . . . . . . . . Registered Prototypes 1 | . . . 1 . . . . . . . . . . . . . . . . . . . . . . . Disengage Seal 2 | . . . . . . . . . . . . . . . . . . . . . . . . . . 2 Fabricator Hacks 2 | . . . . . . . . . . . . . . . . . . . . . . 1 1 . . . Network Status 2 | . . . . . . . . . . . . . . . . . . . . . . 1 1 . . . Repair Station Hacks 6 | . 2 . . . . . . . . . . . . . . . . . . 2 . . . . . 2 Scan Component 3 | . 1 . . . . . . . . . . . . . . . . . . 1 . . . . . 1 Repair 3 | . 1 . . . . . . . . . . . . . . . . . . 1 . . . . . 1 Recycling Unit Hacks . | . . . . . . . . . . . . . . . . . . . . . . . . . . . Scanalyzer 26 | . . . 6 . . . . . . . . . . . . . 8 . . 1 3 . 6 1 1 . Insert Component 4 | . . . 2 . . . . . . . . . . . . . 1 . . . 1 . . . . . Analyze 5 | . . . 3 . . . . . . . . . . . . . 1 . . . 1 . . . . . Retrieve Study 17 | . . . 1 . . . . . . . . . . . . . 6 . . 1 1 . 6 1 1 . Garrison Access Hacks 5 | . . . . . . 1 . . . . . . . . . . . . . 1 . . 1 . 2 . Seal Access 5 | . . . . . . 1 . . . . . . . . . . . . . 1 . . 1 . 2 . Unauthorized Hacks 33 | . 10 . 10 . 7 3 3 . . . . . . . . . . . . . . . . . . . Terminals 28 | . 8 . 7 . 7 3 3 . . . . . . . . . . . . . . . . . . . Assimilate 1 | . . . . . . . 1 . . . . . . . . . . . . . . . . . . . Botnet 10 | . 2 . 2 . 2 2 2 . . . . . . . . . . . . . . . . . . . Skim 17 | . 6 . 5 . 5 1 . . . . . . . . . . . . . . . . . . . . Fabricators . | . . . . . . . . . . . . . . . . . . . . . . . . . . . Repair Stations 1 | . . . 1 . . . . . . . . . . . . . . . . . . . . . . . Mechanics 1 | . . . 1 . . . . . . . . . . . . . . . . . . . . . . . Recycling Units 4 | . 2 . 2 . . . . . . . . . . . . . . . . . . . . . . . Tunnel 4 | . 2 . 2 . . . . . . . . . . . . . . . . . . . . . . . Scanalyzers . | . . . . . . . . . . . . . . . . . . . . . . . . . . . Garrison Access . | . . . . . . . . . . . . . . . . . . . . . . . . . . . Data Cores Recovered 1 | . . . . . . . . . . . . . . . . . . . . . . . . . . 1 Used . | . . . . . . . . . . . . . . . . . . . . . . . . . . . Hacking Detections 59 | . 7 . 9 . 6 11 5 . . . . . 2 . . . 3 1 . 1 1 2 4 1 5 1 Full Trace Events 3 | . . . . . . . . . . . . . 1 . . . 1 . . . . . . . 1 . Feedback Events . | . . . . . . . . . . . . . . . . . . . . . . . . . . . Feedback Blocked . | . . . . . . . . . . . . . . . . . . . . . . . . . . . Robot Schematics Acquired 13 | . . . . . . . . . . 4 . . . . . . . . . . . . 1 . . 8 Robots Built . | . . . . . . . . . . . . . . . . . . . . . . . . . . . Authchips . | . . . . . . . . . . . . . . . . . . . . . . . . . . . Time . | . . . . . . . . . . . . . . . . . . . . . . . . . . . Total Robot Build Rating . | . . . . . . . . . . . . . . . . . . . . . . . . . . . Part Schematics Acquired 58 | . . . 2 . . 3 . . . 15 . . . . . . . . . 12 1 . 5 . 20 . Parts Built . | . . . . . . . . . . . . . . . . . . . . . . . . . . . Authchips . | . . . . . . . . . . . . . . . . . . . . . . . . . . . Time . | . . . . . . . . . . . . . . . . . . . . . . . . . . . Total Part Build Rating . | . . . . . . . . . . . . . . . . . . . . . . . . . . . Part Studies Acquired 17 | . . . 1 . . . . . . . . . . . . . 6 . . 1 1 . 6 1 1 . Parts Repaired 3 | . 1 . . . . . . . . . . . . . . . . . . 1 . . . . . 1 Time 88 | . 26 . . . . . . . . . . . . . . . . . . 25 . . . . . 37 Parts Recycled . | . . . . . . . . . . . . . . . . . . . . . . . . . . . Recycled Matter . | . . . . . . . . . . . . . . . . . . . . . . . . . . . Retrieved Matter . | . . . . . . . . . . . . . . . . . . . . . . . . . . . Retrieved Components . | . . . . . . . . . . . . . . . . . . . . . . . . . . . Parts Scanalyzed 3 | . . . 2 . . . . . . . . . . . . . 1 . . . . . . . . . Part Schematics Acquired 3 | . . . 2 . . . . . . . . . . . . . . . . . 1 . . . . . Parts Damaged . | . . . . . . . . . . . . . . . . . . . . . . . . . . . Bothacking | -11 -10 -10 -9 -9 -8 -8 -7 -7 -7 -7 -6 -6 -6 -6 -6 -6 -5 -5 -5 -4 -3 -2 -2 -2 -1 -1 ------------ Run | Yrd Mat Min Mat Min Mat Sto Fac Low Low Zio Pro Fac Ext Cet Arc Hub Fac Upp Upp Fac Res Res Tes Sec Acc Com Used RIF Installer . | . . . . . . . . . . . . . . . . . . . . . . . . . . . Robots Hacked 1 | . . . . . . . . . . . . . . . . . . . . . . . . . . 1 Non-combat . | . . . . . . . . . . . . . . . . . . . . . . . . . . . Combat . | . . . . . . . . . . . . . . . . . . . . . . . . . . . Robot Hacks Applied . | . . . . . . . . . . . . . . . . . . . . . . . . . . . Manual 1 | . . . . . . . . . . . . . . . . . . . . . . . . . . 1 Relay Couplers Released . | . . . . . . . . . . . . . . . . . . . . . . . . . . . Fabnet Peak Effective % . | . . . . . . . . . . . . . . . . . . . . . . . . . . . Robots Rewired 13 | . . . . . . . . . . . . . 13 . . . . . . . . . . . . . Allies Hacked 3 | . . . . . . . . . . . . . . . . . . . . . . . . . . 3 Hacks Repelled . | . . . . . . . . . . . . . . . . . . . . . . . . . . . Allies | -11 -10 -10 -9 -9 -8 -8 -7 -7 -7 -7 -6 -6 -6 -6 -6 -6 -5 -5 -5 -4 -3 -2 -2 -2 -1 -1 -------- Run | Yrd Mat Min Mat Min Mat Sto Fac Low Low Zio Pro Fac Ext Cet Arc Hub Fac Upp Upp Fac Res Res Tes Sec Acc Com Total Allies 116 | . . 1 . . . . 1 . . 9 . . 23 5 . 4 . . . 4 4 4 . . 7 54 Largest Group 23 | . . 1 1 . . . 1 . . 9 9 8 14 18 17 15 . . . 2 1 4 . . 3 23 Highest-Rated Group 1935 | . . 31 31 . . . 10 . . 318 318 267 538 971 911 804 . . . 58 269 488 . . 244 1935 Highest-Rated Ally 269 | . . 31 31 . . . 10 . . 51 51 41 159 159 143 96 . . . 31 269 122 . . 122 269 Zionite Dispatches 17 | . . . . . . . . . . . . . 2 . . 2 . . . 4 4 2 . . 3 . Heavy 4 | . . . . . . . . . . . . . . . . . . . . . . 2 . . 2 . Light 2 | . . . . . . . . . . . . . 1 . . 1 . . . . . . . . . . Recon 1 | . . . . . . . . . . . . . 1 . . . . . . . . . . . . . Hacker 1 | . . . . . . . . . . . . . . . . . . . . . . . . . 1 . Experimental 1 | . . . . . . . . . . . . . . . . . . . . . 1 . . . . . Hero 1 | . . . . . . . . . . . . . . . . . . . . . 1 . . . . . Explosive Resupply 2 | . . . . . . . . . . . . . . . . 1 . . . . 1 . . . . . Defense Resupply 3 | . . . . . . . . . . . . . . . . . . . . 2 1 . . . . . Infowar Resupply 1 | . . . . . . . . . . . . . . . . . . . . 1 . . . . . . Hover Resupply 1 | . . . . . . . . . . . . . . . . . . . . 1 . . . . . . Total Orders 20 | . . . . . . . 1 . . . . . 1 2 . 5 . 1 . 7 3 . . . . . STAY 4 | . . . . . . . . . . . . . . 1 . . . . . 2 1 . . . . . ROAM 1 | . . . . . . . . . . . . . . . . . . . . 1 . . . . . . FOLLOW 1 | . . . . . . . . . . . . . . 1 . . . . . . . . . . . . DROP 7 | . . . . . . . . . . . . . . . . 1 . . . 4 2 . . . . . EXPLORE 6 | . . . . . . . 1 . . . . . . . . 4 . 1 . . . . . . . . RETURN 1 | . . . . . . . . . . . . . 1 . . . . . . . . . . . . . Ally Attacks 812 | . . 10 36 . . . . . . . 29 51 128 71 34 75 . . . . 7 24 . . 6 341 Total Damage 33408 | . . 170 463 . . . . . . . 822 1221 3600 1967 798 1632 . . . . 672 2024 . . 520 19519 Kills 171 | . . 1 9 . . . . . . . 3 8 22 8 6 15 . . . . 3 12 . . 3 81 Allies Corrupted 22 | . . . . . . . 2 . . . . . . . . 5 . . . . 2 . . . 4 9 Allies Melted 1 | . . . . . . . . . . . . . 1 . . . . . . . . . . . . . Intel | -11 -10 -10 -9 -9 -8 -8 -7 -7 -7 -7 -6 -6 -6 -6 -6 -6 -5 -5 -5 -4 -3 -2 -2 -2 -1 -1 ------- Run | Yrd Mat Min Mat Min Mat Sto Fac Low Low Zio Pro Fac Ext Cet Arc Hub Fac Upp Upp Fac Res Res Tes Sec Acc Com Active Infowar (turns) 21431 | 17 1128 860 2642 839 335 1063 682 711 534 1152 1566 781 1596 471 162 264 451 936 200 1009 523 312 533 575 964 1125 Optics 9820 | . . . . . . . . . . . . 721 1596 471 162 264 451 936 200 1009 523 312 533 575 964 1103 Sensors 10579 | . . . . . . . 611 711 534 1152 1499 779 1552 83 32 . . . . 720 375 182 520 239 766 824 Terrain 2693 | . . . . . . . . . . . . . . . . . 265 729 200 630 451 31 387 . . . Structural 2952 | . . . . . . . . . . . . 159 25 . 3 207 4 . . . . . 243 471 964 876 Seismic 7204 | 17 1128 860 2642 839 335 286 . . . . . . . . . . . . . . . 17 . 474 606 . Machine Analysis 15130 | . . . . . . 777 682 711 534 1152 1566 781 1596 471 162 264 451 936 200 1009 479 162 533 575 964 1125 Cloaking 1509 | . . . . . . . . . . . . . . . . . . . . 82 341 . . . 398 688 Jamming 2163 | . . . . . . . . . . . . . . . . . . . . 571 15 . 525 575 477 . ECM 2859 | . . . . . . . . . . . . . . . . . . . . 251 131 8 107 575 964 823 Robot Analysis Total . | . . . . . . . . . . . . . . . . . . . . . . . . . . . Derelict Logs Recovered 10 | . . 2 . . . . . 3 1 1 2 . . . . . . 1 . . . . . . . . Drone Launches 11 | . . . . . . . 2 . . . . . 2 . . 4 . 3 . . . . . . . . Drone Recoveries 4 | . . . . . . . . . . . . . 2 . . 2 . . . . . . . . . . Zionite Intel Received 29 | . . . . . . . . . . . . . . . . . 1 . . 3 . 1 2 2 10 10 Main Access 1 | . . . . . . . . . . . . . . . . . . . . . . . . . . 1 Branch Access 1 | . . . . . . . . . . . . . . . . . . . . . . . . 1 . . Emergency Access 3 | . . . . . . . . . . . . . . . . . . . . . . . . 1 1 1 Guard Positions 2 | . . . . . . . . . . . . . . . . . . . . . . . . . 1 1 Component Stockpiles 2 | . . . . . . . . . . . . . . . . . . . . 1 . . . . 1 . Prototype Stockpiles 4 | . . . . . . . . . . . . . . . . . 1 . . . . . 1 . 1 1 Component Schematics 1 | . . . . . . . . . . . . . . . . . . . . 1 . . . . . . Prototype Schematics 2 | . . . . . . . . . . . . . . . . . . . . . . . . . 2 . Unaware Schematics 2 | . . . . . . . . . . . . . . . . . . . . . . . . . . 2 Unaware Analyses 2 | . . . . . . . . . . . . . . . . . . . . 1 . . . . 1 . Trap Installations 1 | . . . . . . . . . . . . . . . . . . . . . . . . . . 1 Active Terminals 4 | . . . . . . . . . . . . . . . . . . . . . . 1 1 . 1 1 Active Garrisons 2 | . . . . . . . . . . . . . . . . . . . . . . . . . 1 1 Depthwide Sectors/0 2 | . . . . . . . . . . . . . . . . . . . . . . . . . 1 1 Exploration | -11 -10 -10 -9 -9 -8 -8 -7 -7 -7 -7 -6 -6 -6 -6 -6 -6 -5 -5 -5 -4 -3 -2 -2 -2 -1 -1 ------------- Run | Yrd Mat Min Mat Min Mat Sto Fac Low Low Zio Pro Fac Ext Cet Arc Hub Fac Upp Upp Fac Res Res Tes Sec Acc Com Turns Passed 23058 | 157 1128 860 2671 845 1445 1098 682 711 534 1152 1566 781 1596 471 162 264 451 936 200 1009 523 312 533 575 964 1432 Spaces Moved 18231 | 59 467 506 1355 177 762 605 516 647 492 883 1114 509 958 191 76 167 316 590 119 918 584 463 902 990 1712 2153 Core 4 | 4 . . . . . . . . . . . . . . . . . . . . . . . . . . Treads 3757 | 55 467 506 1355 94 395 285 . . . . . . . 152 41 . . 286 116 . . . . . . 5 Legs 6651 | . . . . . . 320 516 647 492 883 1114 509 958 39 35 167 316 304 3 348 . . . . . . Wheels 450 | . . . . 83 367 . . . . . . . . . . . . . . . . . . . . . Hover 7369 | . . . . . . . . . . . . . . . . . . . . 570 584 463 902 990 1712 2148 Flight . | . . . . . . . . . . . . . . . . . . . . . . . . . . . Fastest Speed 29 | 50 160 160 160 95 95 90 107 107 107 115 115 115 120 120 120 120 99 99 105 36 33 33 29 30 36 33 Average Speed 92 | 152 160 160 160 139 139 130 107 107 108 115 115 121 121 151 143 120 112 132 158 75 35 36 37 34 37 39 Slowest Speed 360 | 160 160 160 160 240 170 360 107 107 115 115 190 190 122 160 190 120 172 240 160 266 111 40 40 38 44 190 Overloaded Moves 90 | . . . . . . . . . . . . . . . . . . . . 23 . . 39 28 . . Propulsion Burnouts . | . . . . . . . . . . . . . . . . . . . . . . . . . . . Robots Hopped . | . . . . . . . . . . . . . . . . . . . . . . . . . . . Potential Cave-ins 4 | . . . . . . . . . . . . . . . . . . . . . 2 . . . 2 . Cave-ins Triggered . | . . . . . . . . . . . . . . . . . . . . . . . . . . . Exploration Rate (%) 56 | 5 83 91 92 19 65 96 18 68 50 89 97 15 88 76 81 51 13 74 19 32 27 21 87 59 59 56 Regions Visited 26 Branch Regions 16 Pre-discovered Areas 19 | . 3 2 4 . 3 . . . . 2 1 . . . . . . . . . . . . . 2 2 Known Exits Taken 22 | . . . 1 1 1 1 1 1 1 1 1 1 1 1 1 1 1 1 1 1 1 . 1 1 1 . Unknown Exits Taken 4 | 1 1 1 . . . . . . . . . . . . . . . . . . . 1 . . . . Scrap Searched 18 | . . . . . . . . 4 4 2 4 . . . . . . 3 1 . . . . . . . Spaces Dug 362 | . . 21 3 . 8 23 14 1 . . 25 9 4 . . 4 20 22 . 37 53 2 8 7 49 52 Terrain Destroyed 1404 | . 45 99 3 48 136 38 14 1 . . 50 9 36 . . 486 34 25 . 37 71 26 9 8 85 144 Melee 141 | . . . 3 . . 2 13 1 . . 12 9 4 . . 4 10 2 . 17 20 2 8 4 8 22 Projectile 67 | . . . . 2 13 9 1 . . . . . . . . . . 3 . . . . 1 4 32 2 AOE 1196 | . 45 99 . 46 123 27 . . . . 38 . 32 . . 482 24 20 . 20 51 24 . . 45 120 Terrain Rammed . | . . . . . . . . . . . . . . . . . . . . . . . . . . . Walls Destroyed . | . . . . . . . . . . . . . . . . . . . . . . . . . . . Machines Disabled . | . . . . . . . . . . . . . . . . . . . . . . . . . . . Actions | -11 -10 -10 -9 -9 -8 -8 -7 -7 -7 -7 -6 -6 -6 -6 -6 -6 -5 -5 -5 -4 -3 -2 -2 -2 -1 -1 --------- Run | Yrd Mat Min Mat Min Mat Sto Fac Low Low Zio Pro Fac Ext Cet Arc Hub Fac Upp Upp Fac Res Res Tes Sec Acc Com Total 23071 | 95 747 536 1723 733 1046 823 606 660 493 1018 1368 644 1332 361 127 211 381 713 127 1177 800 566 1057 1191 1940 2596 Wait 2620 | 14 180 7 221 510 117 87 41 4 . 124 193 83 132 150 42 13 3 63 2 89 95 25 53 128 63 181 Move 18208 | 58 466 505 1354 176 761 605 515 646 491 882 1113 508 957 190 75 166 315 589 118 917 584 463 901 989 1711 2153 Hop . | . . . . . . . . . . . . . . . . . . . . . . . . . . . Pick Up 238 | 2 16 1 23 7 23 16 3 1 . 3 8 7 6 1 2 4 7 7 1 22 6 15 8 8 16 25 Fast Attach 203 | 7 4 . 4 1 12 11 5 1 . 2 6 3 6 4 2 1 6 1 1 26 8 10 21 12 13 36 Attach 101 | . . . 2 4 6 2 2 . . . 1 2 2 . 1 . 2 3 1 3 11 8 6 5 13 27 Detach 41 | . . . 1 . . 5 1 . . . 2 . . . . . . . . 4 3 3 3 5 2 12 Swap 294 | . 9 8 14 7 24 12 9 2 1 . 10 14 30 3 . 8 13 19 . 21 11 12 11 8 29 19 Drop 349 | . 14 1 26 4 40 25 7 3 1 5 15 9 19 6 3 3 9 9 2 47 11 7 27 11 18 27 Fire 426 | 14 55 13 49 9 62 50 9 . . . 3 . 6 . . 7 8 14 . 2 4 4 1 9 59 48 Melee 417 | . . . 28 15 . 7 14 3 . 2 17 16 31 7 2 6 12 8 2 46 58 19 26 15 16 67 Ram 11 | . . . . . . . . . . . . . . . . . . . . . 9 . . 1 . 1 Kick 11 | . . . . . . 3 . . . . . 2 2 . . 3 1 . . . . . . . . . Crush 6 | . 3 1 1 . 1 . . . . . . . . . . . . . . . . . . . . . Escape Stasis 15 | . . . . . . . . . . . . . 10 . . . 5 . . . . . . . . . Rewire 131 | . . . . . . . . . . . . . 131 . . . . . . . . . . . . . Trap . | . . . . . . . . . . . . . . . . . . . . . . . . . . . Miscellaneous . | . . . . . . . . . . . . . . . . . . . . . . . . . . . Route ------- -11/Scrapyard -10/Materials (discovered 5 exits: *Mat x3 / [*Min] / Sub) -10/Mines (discovered 4 exits: *Mat x2 / [*Exi] / *Sub) -9/Materials (discovered 4 exits: *Mat x3 / *Min) -9/Mines -8/Materials (discovered 5 exits: *Fac x3 / *Sto x2) -8/Storage (discovered 2 exits: *Fac / *Rec) -7/Factory (discovered 3 exits: Fac x2 / *Low) -7/Lower Caves -7/Lower Caves -7/Zion -6/Proximity Caves -6/Factory (discovered 2 exits: [*Low] / *Ext) -6/Extension (discovered 2 exits: *Fac / *Cet) -6/Cetus (discovered 2 exits: *Fac / *Arc) -6/Archives (discovered 3 exits: *Fac / *Hub x2) -6/Hub_04(d) (discovered 3 exits: *Fac x3) -5/Factory (discovered 2 exits: *Fac / *Upp) -5/Upper Caves -5/Upper Caves -4/Factory (discovered 3 exits: *Res x3) -3/Research (discovered 3 exits: *Res x2 / *Arm) -2/Research -2/Testing (discovered 3 exits: *Acc / *Sec / *Frg) -2/Section 7 -1/Access -1/Command (discovered 2 exits: Sur x2) History --------- Turn | Location | Event 45 | -11/Scrapyard | Discovered new exit (range 15) 158 | -11/Scrapyard | Entered Materials 322 | -10/Materials | Discovered new exit (range 13) 323 | -10/Materials | Build established: Mutant 747 | -10/Materials | Core integrity fell below 50% 861 | -10/Materials | Discovered new exit (range 13) 905 | -10/Materials | Central database locked down 916 | -10/Materials | Discovered new exit (range 13) 1042 | -10/Materials | Repaired Lgt. Treads 1144 | -10/Materials | Discovered new exit (range 11) 1162 | -10/Materials | Loaded intel: 16 trap records 1190 | -10/Materials | Identified exit to Subcaves 1213 | -10/Materials | Learned Materials trap positions 1215 | -10/Materials | Learned location of 1 exit from Recycling 1216 | -10/Materials | Learned Materials trap positions 1218 | -10/Materials | Learned 4 Subcaves zone layouts 1286 | -10/Materials | Entered Mines 1310 | -10/Mines | Learned location of Zion (-7) 1415 | -10/Mines | Received a Rocket Launcher from a helpful Derelict 1537 | -10/Mines | Discovered new exit (range 8) 1545 | -10/Mines | Met a Derelict testing a Signal Generator 1553 | -10/Mines | Discovered exit to Subcaves (range 12) 1935 | -10/Mines | Discovered new exit (range 12) 1977 | -10/Mines | Deemed a non-threat by the Exiles lab entrance 1977 | -10/Mines | Discovered new exit (range 5) 2146 | -10/Mines | Entered Materials 2146 | -9/Materials | Accompanied by 1 ally 2146 | -9/Materials | Evolved 2 slots: Propulsion x1, Utility x1 2147 | -9/Materials | Identified exit to Mines 2148 | -9/Materials | Loaded intel: 8 trap records 2456 | -9/Materials | Discovered new exit (range 16) 2474 | -9/Materials | Central database locked down 2597 | -9/Materials | Build established: Scavenger-Mutant 2834 | -9/Materials | Discovered new exit (range 14) 3731 | -9/Materials | Discovered new exit (range 10) 4271 | -9/Materials | Learned location of 1 exit from Recycling 4341 | -9/Materials | Learned Storage terminal intel 4449 | -9/Materials | Learned location of 2 exits from Materials 4488 | -9/Materials | Identified exit to Materials 4602 | -9/Materials | Learned Materials trap positions 4817 | -9/Materials | Entered Mines 4824 | -9/Mines | Discovered exit to Materials (range 11) 4895 | -9/Mines | Assembled infested the area 4906 | -9/Mines | Met a Derelict who couldn't figure out how to use a Trap Extractor 4909 | -9/Mines | Core integrity fell below 50% 4942 | -9/Mines | Lost 4 parts (1p3n) 5662 | -9/Mines | Entered Materials 5662 | -8/Materials | Evolved 2 slots: Propulsion x1, Utility x1 5663 | -8/Materials | Identified exit to Factory 5663 | -8/Materials | Identified exit to Storage 5664 | -8/Materials | Loaded intel: 24 trap records 5693 | -8/Materials | Lost 3 parts (1p1u1w) 6082 | -8/Materials | Discovered exit to Factory (range 11) 6679 | -8/Materials | Discovered exit to Factory (range 6) 6765 | -8/Materials | Learned 4 Factory zone layouts 6823 | -8/Materials | Learned location of 2 exits from Factory 6969 | -8/Materials | Learned location of 1 exit from Storage 7054 | -8/Materials | Learned Factory scanalyzer intel 7107 | -8/Materials | Entered Storage 7108 | -8/Storage | Identified exit to Recycling 7110 | -8/Storage | Loaded intel: 14 terminal locations 7161 | -8/Storage | Garrison activated, responded to threat 7372 | -8/Storage | Build established: Mutant 8013 | -8/Storage | Used back door to open Recycling access 8205 | -8/Storage | Entered Factory 8205 | -7/Factory | Evolved 2 slots: Power x1, Utility x1 8206 | -7/Factory | Identified exit to Factory 8208 | -7/Factory | Loaded intel: 4 scanalyzer locations 8379 | -7/Factory | Discovered new exit (range 48) 8518 | -7/Factory | Identified exit to Lower Caves 8695 | -7/Factory | Central database locked down 8887 | -7/Factory | Entered Lower Caves 9131 | -7/Lower Caves | Build established: Skirmisher 9303 | -7/Lower Caves | Encountered a Warlord checkpoint 9379 | -7/Lower Caves | Identified exit to Lower Caves 9450 | -7/Lower Caves | Build established: Assassin 9525 | -7/Lower Caves | Learned Factory security intel 9598 | -7/Lower Caves | Entered another Lower Caves area 9679 | -7/Lower Caves | Learned 4 Factory zone layouts 10010 | -7/Lower Caves | Discovered new exit (range 15) 10026 | -7/Lower Caves | Identified exit to Zion 10132 | -7/Lower Caves | Entered Zion 10162 | -7/Zion | System corruption cleaned by Quarantine Array 10205 | -7/Zion | Given the Hacking Drone Bay 10239 | -7/Zion | Discovered new exit (range 12) 10252 | -7/Zion | Identified exit to Proximity Caves 10484 | -7/Zion | Gained Derelict followers 10613 | -7/Zion | Learned location of Warlord (-4) 10629 | -7/Zion | Received a visual enhancement algorithm 10661 | -7/Zion | Learned Factory terminal intel 10731 | -7/Zion | Found CR-A16's Pointy Stick 10850 | -7/Zion | Learned location of Armory (-3) 10921 | -7/Zion | Met Imprinter 10941 | -7/Zion | Imprinted 10943 | -7/Zion | Declared Zion's savior 11284 | -7/Zion | Entered Proximity Caves 11284 | -6/Proximity Caves | Accompanied by 9 allies 11484 | -6/Proximity Caves | Spotter reported a threat 11744 | -6/Proximity Caves | Learned Factory emergency access door positions 11814 | -6/Proximity Caves | Spotted B-75 Beast 11835 | -6/Proximity Caves | Destroyed B-75 Beast 12087 | -6/Proximity Caves | Discovered exit to Factory (range 7) 12850 | -6/Proximity Caves | Entered Factory 12850 | -6/Factory | Accompanied by 8 allies 12850 | -6/Factory | Evolved 2 slots: Utility x2 12854 | -6/Factory | Loaded intel: 28 terminal locations 13014 | -6/Factory | Spotted B-75 Beast 13088 | -6/Factory | Destroyed B-75 Beast 13218 | -6/Factory | Discovered new exit (range 18) 13372 | -6/Factory | Discovered new exit (range 12) 13384 | -6/Factory | Identified exit to Extension 13569 | -6/Factory | Build established: Gladiator 13631 | -6/Factory | Entered Extension 13631 | -6/Extension | Accompanied by 2 allies 14028 | -6/Extension | Rescued a captive Derelict 14080 | -6/Extension | Build established: Scavenger-Assassin 14122 | -6/Extension | Rescued a captive Derelict 14250 | -6/Extension | Zion Light squad teleported in 14278 | -6/Extension | Rescued A7 14324 | -6/Extension | Lost 3 allies 14405 | -6/Extension | Rescued a captive Derelict 14406 | -6/Extension | Rescued a captive Derelict 14539 | -6/Extension | Spotted B-75 Beast 14548 | -6/Extension | Spotted B-75 Beast 14562 | -6/Extension | Revealed the true nature of CR-A16's Pointy Stick 14562 | -6/Extension | Destroyed B-75 Beast 14572 | -6/Extension | Destroyed B-75 Beast 14602 | -6/Extension | Lost 3 allies 14717 | -6/Extension | Zion Recon squad teleported in 14823 | -6/Extension | Found Prototype Protection 14823 | -6/Extension | Identified Zio. Weapon Casing 14848 | -6/Extension | Terminal network hard line cut 14920 | -6/Extension | Rescued a captive Derelict 15029 | -6/Extension | Rescued a captive Derelict 15114 | -6/Extension | Build established: Commander-Assassin 15153 | -6/Extension | Discovered new exit (range 10) 15167 | -6/Extension | Discovered new exit (range 6) 15179 | -6/Extension | Identified exit to Factory 15204 | -6/Extension | Identified exit to Cetus 15227 | -6/Extension | Entered Cetus 15227 | -6/Cetus | Accompanied by 14 allies (A7) 15232 | -6/Cetus | Acquired a Cetus Manufacturing Module code from A7 15250 | -6/Cetus | Spotted Cetus Guard 15251 | -6/Cetus | Spotted Cetus Guard 15255 | -6/Cetus | Spotted Cetus Guard 15258 | -6/Cetus | Spotted Cetus Guard 15262 | -6/Cetus | Allies destroyed Cetus Guard 15271 | -6/Cetus | Allies destroyed Cetus Guard 15277 | -6/Cetus | Allies destroyed Cetus Guard 15284 | -6/Cetus | Destroyed Cetus Guard 15348 | -6/Cetus | Started Cetus Manufacturing Module 15362 | -6/Cetus | Escorted A7 to Cetus Mainframe 15373 | -6/Cetus | Manufactured an Enhanced Grunt 15385 | -6/Cetus | Discovered new exit (range 22) 15398 | -6/Cetus | Manufactured an Enhanced Grunt 15417 | -6/Cetus | Identified exit to Archives 15423 | -6/Cetus | Manufactured an Enhanced Grunt 15448 | -6/Cetus | Manufactured an Enhanced Grunt 15473 | -6/Cetus | Manufactured an Enhanced Grunt 15478 | -6/Cetus | Build established: Commander-Mutant 15524 | -6/Cetus | Spotted Cetus Guard 15526 | -6/Cetus | Spotted Cetus Guard 15537 | -6/Cetus | Spotted Cetus Guard 15539 | -6/Cetus | Spotted Cetus Guard 15541 | -6/Cetus | Allies destroyed Cetus Guard 15542 | -6/Cetus | Discovered exit to Factory (range 21) 15545 | -6/Cetus | Allies destroyed Cetus Guard 15559 | -6/Cetus | Allies destroyed Cetus Guard 15563 | -6/Cetus | Destroyed Cetus Guard 15565 | -6/Cetus | Scared off Revision 17 15698 | -6/Cetus | Entered Archives 15698 | -6/Archives | Accompanied by 17 allies (A7) 15703 | -6/Archives | Received a hacking code to weaken MAIN.C 15739 | -6/Archives | Discovered new exit (range 22) 15745 | -6/Archives | Discovered new exit (range 19) 15771 | -6/Archives | Lost 4 allies 15793 | -6/Archives | Discovered exit to Factory (range 18) 15822 | -6/Archives | Identified exit to Hub_04(d) 15860 | -6/Archives | Entered Hub_04(d) 15860 | -6/Hub_04(d) | Accompanied by 12 allies 15893 | -6/Hub_04(d) | Discovered exit to Factory (range 26) 15922 | -6/Hub_04(d) | Discovered exit to Factory (range 5) 15931 | -6/Hub_04(d) | Garrison activated, responded to threat 15947 | -6/Hub_04(d) | Zion Explosive Resupply teleported in 15970 | -6/Hub_04(d) | Zion Light squad teleported in 15985 | -6/Hub_04(d) | Discovered exit to Factory (range 28) 16023 | -6/Hub_04(d) | Network Hub disabled 16084 | -6/Hub_04(d) | Network Hub disabled 16096 | -6/Hub_04(d) | Spotted Lightning 16097 | -6/Hub_04(d) | Spotted Lightning 16104 | -6/Hub_04(d) | Spotted Lightning 16104 | -6/Hub_04(d) | Spotted Lightning 16113 | -6/Hub_04(d) | Spotted Lightning 16120 | -6/Hub_04(d) | Network Hub disabled 16124 | -6/Hub_04(d) | Entered Factory 16124 | -5/Factory | Evolved 2 slots: Propulsion x1, Utility x1 16125 | -5/Factory | Identified exit to Upper Caves 16147 | -5/Factory | Lost 6 allies 16300 | -5/Factory | Retrieved Zion intel report: Prototype Stockpiles 16319 | -5/Factory | Discovered new exit (range 8) 16326 | -5/Factory | Identified exit to Factory 16401 | -5/Factory | Garrison activated, responded to threat 16424 | -5/Factory | First assault squad dispatched 16503 | -5/Factory | Central database locked down 16575 | -5/Factory | Entered Upper Caves 16577 | -5/Upper Caves | Attracted the attention of an 0b10 checkpoint 16636 | -5/Upper Caves | Build established: Scavenger-Mutant 16835 | -5/Upper Caves | Attracted the attention of an 0b10 base 16900 | -5/Upper Caves | Learned 8 Factory zone layouts 16900 | -5/Upper Caves | Learned Extension security intel 16900 | -5/Upper Caves | Learned Armory terminal intel 16900 | -5/Upper Caves | Learned Factory garrison access intel 17132 | -5/Upper Caves | Learned Factory security intel 17299 | -5/Upper Caves | Build established: Assassin 17352 | -5/Upper Caves | Discovered new exit (range 10) 17367 | -5/Upper Caves | Identified exit to Upper Caves 17511 | -5/Upper Caves | Entered another Upper Caves area 17512 | -5/Upper Caves | Encountered a Warlord checkpoint 17566 | -5/Upper Caves | Discovered exit to Factory (range 13) 17711 | -5/Upper Caves | Entered Factory 17711 | -4/Factory | Evolved 2 slots: Utility x2 17712 | -4/Factory | Identified exit to Research 17715 | -4/Factory | Loaded intel: 4 garrison access locations 17731 | -4/Factory | Zion Infowar Resupply teleported in 17828 | -4/Factory | Discovered exit to Research (range 15) 18275 | -4/Factory | Retrieved Zion intel report: Component Stockpiles 18276 | -4/Factory | Zion Hover Resupply teleported in 18324 | -4/Factory | Zion Defense Resupply teleported in 18336 | -4/Factory | Retrieved Zion intel report: Unaware Analyses 18337 | -4/Factory | Zion Defense Resupply teleported in 18487 | -4/Factory | System corruption reached 10% 18500 | -4/Factory | Retrieved Zion intel report: Component Schematics 18550 | -4/Factory | Discovered exit to Research (range 7) 18612 | -4/Factory | Watched by a mysterious "MATRIX" hacker. 18637 | -4/Factory | Repaired Lyr. Medium Armor Plating 18720 | -4/Factory | Entered Research 18720 | -3/Research | Evolved 2 slots: Propulsion x2 18728 | -3/Research | Central database locked down 18767 | -3/Research | Zion hero teleported in (P1-3CE) 18879 | -3/Research | Zion Explosive Resupply teleported in 18998 | -3/Research | Zion Defense Resupply teleported in 19046 | -3/Research | Build established: Infiltrator-Ninja 19048 | -3/Research | Discovered new exit (range 20) 19089 | -3/Research | Identified exit to Research 19102 | -3/Research | Lost 3 parts (3u) 19105 | -3/Research | Discovered new exit (range 24) 19131 | -3/Research | Identified exit to Armory 19146 | -3/Research | Zion Experimental squad teleported in 19225 | -3/Research | System corruption reached 10% 19240 | -3/Research | Discovered exit to Research (range 5) 19243 | -3/Research | Entered another Research area 19243 | -2/Research | Evolved 2 slots: Propulsion x1, Utility x1 19273 | -2/Research | Lost 13 parts (3p6n4u) 19340 | -2/Research | Spotted B-90 Cyclops 19354 | -2/Research | Destroyed B-90 Cyclops 19401 | -2/Research | Zion Heavy squad teleported in 19445 | -2/Research | Spotted B-90 Cyclops 19455 | -2/Research | Destroyed B-90 Cyclops 19509 | -2/Research | Destroyed 7 combat bots 19523 | -2/Research | Retrieved Zion intel report: Active Terminals 19524 | -2/Research | Zion Heavy squad teleported in 19546 | -2/Research | Discovered new exit (range 22) 19555 | -2/Research | Entered Testing 19586 | -2/Testing | Lost 3 parts (1p1n1u) 19616 | -2/Testing | Found Prototype Energy Gun 19616 | -2/Testing | Identified Warp Gun 19669 | -2/Testing | Found Prototype Protection 19669 | -2/Testing | Identified Lgt. Regenerative Plating 19672 | -2/Testing | Found Prototype Protection 19672 | -2/Testing | Identified Med. Regenerative Plating 19694 | -2/Testing | Spotted PD-EM9S3ANSII 19779 | -2/Testing | Found Spectral Analyzer 19785 | -2/Testing | Found Prototype Device 19785 | -2/Testing | Identified Adv. Kinecellerator 19809 | -2/Testing | Build established: Scavenger-Ninja 19831 | -2/Testing | Found Prototype Hackware 19864 | -2/Testing | Retrieved Zion intel report: Active Terminals 19869 | -2/Testing | Discovered new exit (range 13) 19893 | -2/Testing | Retrieved Zion intel report: Prototype Stockpiles 19954 | -2/Testing | Found Prototype Device 19954 | -2/Testing | Identified Exp. EM Disruption Field 19976 | -2/Testing | Found Prototype Launcher 19976 | -2/Testing | Identified Enh. Gamma Bomb Array 20063 | -2/Testing | Spotted Fortress 20084 | -2/Testing | Discovered new exit (range 6) 20084 | -2/Testing | Discovered new exit (range 6) 20085 | -2/Testing | Identified exit to Section 7 20086 | -2/Testing | Identified exit to Protoforge 20088 | -2/Testing | Entered Section 7 20096 | -2/Section 7 | Found Alien Artifact 20096 | -2/Section 7 | Identified Integrated Reactor 20096 | -2/Section 7 | Installed Integrated Reactor, increased core energy generation (+10) 20130 | -2/Section 7 | Found Alien Artifact 20130 | -2/Section 7 | Identified Integrity Redistributor 20130 | -2/Section 7 | Used Integrity Redistributor, redistributed integrity from core (-91) 20143 | -2/Section 7 | Retrieved Zion intel report: Emergency Access 20208 | -2/Section 7 | Spotted S7 Guard 20213 | -2/Section 7 | Found Alien Artifact 20213 | -2/Section 7 | Identified Core Regenerator 20213 | -2/Section 7 | Used Core Regenerator, restored core integrity (+244) 20228 | -2/Section 7 | Discovered new exit (range 3) 20229 | -2/Section 7 | Identified exit to Access 20291 | -2/Section 7 | Retrieved Zion intel report: Branch Access 20296 | -2/Section 7 | Found Integrity Redistributor 20305 | -2/Section 7 | Spotted Executioner 20306 | -2/Section 7 | Spotted Executioner 20320 | -2/Section 7 | Spotted B-99 Colossus 20327 | -2/Section 7 | Destroyed B-99 Colossus 20353 | -2/Section 7 | Found Alien Artifact 20353 | -2/Section 7 | Identified LRC Energy Well 20353 | -2/Section 7 | Installed LRC Energy Well, increased energy storage capacity (+250) 20546 | -2/Section 7 | Spotted Striker 20547 | -2/Section 7 | Spotted Striker 20580 | -2/Section 7 | Spotted Striker 20580 | -2/Section 7 | Spotted Striker 20590 | -2/Section 7 | Found Alien Energy Gun 20590 | -2/Section 7 | Identified Sigix Sheargun 20591 | -2/Section 7 | Found Sigix Sheargun 20622 | -2/Section 7 | Found Alien Artifact 20623 | -2/Section 7 | Used Integrity Redistributor, redistributed integrity from core (-81) 20628 | -2/Section 7 | Found Alien Artifact 20663 | -2/Section 7 | Entered Access 20663 | -1/Access | Evolved 2 slots: Utility x2 20782 | -1/Access | Identified Ghost Barrier 20948 | -1/Access | Spotted B-99 Colossus 20959 | -1/Access | Retrieved Zion intel report: Guard Positions 21020 | -1/Access | Retrieved Zion intel report: Prototype Stockpiles 21125 | -1/Access | Retrieved Zion intel report: Active Garrisons 21130 | -1/Access | Retrieved Zion intel report: Active Terminals 21172 | -1/Access | Retrieved Zion intel report: Component Stockpiles 21176 | -1/Access | Found Prototype Processor 21176 | -1/Access | Identified Exp. Signal Interpreter 21179 | -1/Access | Lost 6 parts (2p1n3u) 21185 | -1/Access | Found Prototype Hackware 21185 | -1/Access | Identified Exp. Hacking Suite 21224 | -1/Access | Retrieved Zion intel report: Unaware Analyses 21226 | -1/Access | Spotted B-99 Colossus 21232 | -1/Access | Destroyed B-99 Colossus 21277 | -1/Access | Spotted B-99 Colossus 21286 | -1/Access | Retrieved Zion intel report: Depthwide Sectors/-1 21287 | -1/Access | Zion Heavy squad teleported in 21372 | -1/Access | System corruption reached 10% 21389 | -1/Access | Zion Heavy squad teleported in 21409 | -1/Access | Lost 3 parts (1n2u) 21421 | -1/Access | Retrieved Zion intel report: Prototype Schematics 21434 | -1/Access | Build established: Hacker-Ninja 21526 | -1/Access | Retrieved Zion intel report: Emergency Access 21553 | -1/Access | Retrieved Zion intel report: Prototype Schematics 21597 | -1/Access | Zion Hacker squad teleported in 21603 | -1/Access | Lost 5 parts (1p2n2u) 21623 | -1/Access | Identified Terrabomb 21623 | -1/Access | Used Terrabomb 21623 | -1/Access | Spotted B-99 Colossus 21624 | -1/Access | Discovered new exit (range 7) 21624 | -1/Access | Spotted B-99 Colossus 21626 | -1/Access | Identified exit to Command 21627 | -1/Access | Entered Command 21634 | -1/Command | Phase Generator disabled 21640 | -1/Command | Lost 3 allies 21692 | -1/Command | Retrieved Zion intel report: Active Terminals 21714 | -1/Command | Retrieved Zion intel report: Trap Installations 21717 | -1/Command | Retrieved Zion intel report: Active Garrisons 21813 | -1/Command | Retrieved Zion intel report: Prototype Stockpiles 21883 | -1/Command | Retrieved Zion intel report: Unaware Schematics 21902 | -1/Command | Retrieved Zion intel report: Main Access 21902 | -1/Command | Identified exit to Surface 21930 | -1/Command | Retrieved Zion intel report: Guard Positions 21933 | -1/Command | Spotted B-99 Colossus 22019 | -1/Command | Disengaged cave seal 22164 | -1/Command | Lost 6 parts (2p2n1u1w) 22173 | -1/Command | Lost 4 allies 22299 | -1/Command | Spotted M Guard 22299 | -1/Command | Spotted M Guard 22299 | -1/Command | Spotted Combat Programmer 22299 | -1/Command | Spotted Combat Programmer 22357 | -1/Command | Lost 3 parts (3u) 22385 | -1/Command | Lost 8 allies 22493 | -1/Command | Retrieved Zion intel report: Emergency Access 22499 | -1/Command | Found Prototype Device 22499 | -1/Command | Identified Exp. Shock Absorption System 22514 | -1/Command | Repaired Cmb. Linear Gravjet+? 22528 | -1/Command | Spotted B-99 Colossus 22530 | -1/Command | Destroyed B-99 Colossus 22541 | -1/Command | Retrieved Zion intel report: Unaware Schematics 22565 | -1/Command | Disengaged cave seal 22565 | -1/Command | Zionites emerged from the dark tunnel 22572 | -1/Command | Lost 4 parts (1p2n1u) 22627 | -1/Command | Retrieved Zion intel report: Depthwide Sectors/-1 22668 | -1/Command | High security lockdown imminent 22748 | -1/Command | High security lockdown engaged 22764 | -1/Command | Allies destroyed Combat Programmer 22766 | -1/Command | Found Prototype Ballistic Gun 22766 | -1/Command | Identified Multirail 22769 | -1/Command | Found Multirail 22789 | -1/Command | Core integrity fell below 50% 22791 | -1/Command | Allies destroyed M Guard 22805 | -1/Command | Allies destroyed M Guard 22805 | -1/Command | All MAIN.C guards destroyed 22816 | -1/Command | Found Prototype Energy Cannon 22816 | -1/Command | Identified Cld. Nova Cannon 22818 | -1/Command | Spotted Alpha 7 22819 | -1/Command | Lost 16 parts (1p6n9u) 22830 | -1/Command | System corruption reached 30% 22834 | -1/Command | Found Prototype Protection 22834 | -1/Command | Identified Zio. Shade Carapace 22854 | -1/Command | Lost 4 allies 22946 | -1/Command | Met MAIN.C 22977 | -1/Command | 0b10 Conduit disabled 23042 | -1/Command | Hacked MAIN.C using A7's code 23043 | -1/Command | Core integrity fell below 20% 23059 | -1/Command | Destroyed by MAIN.C with High-powered Disruptor Cannon Last Messages --------------- 23025_ Cmb. Linear Gravjet+ destroyed. 23028_ System corrupted: Component data lost. 23028_ Imp. Antigrav System+ destroyed. 23028_ Adv. Cryofiber Web destroyed. 23032_ Imp. Antigrav System+ destroyed. 23035_ Adv. Hacking Suite destroyed. 23035_ Adv. Point Defense System destroyed. 23039_ Lgt. Particle Reactor destroyed. 23039_ Gravity Flail destroyed. 23042_ Jacked MAIN.C... 23042_ Command string: \\M7CA 23042_ Injected code into MAIN.C system. 23044_ System corrupted: Energy discharge (-101). 23044_ MAIN.C: "What did you do to me?!" 23045_ CR-A16's Behemoth Slayer follow-up attack on MAIN.C. 23046_ MAIN.C reaction time slowed by virus. 23059_ Adv. Cooling System destroyed. Map ----- +----------------------------------------------------+ | ?????????????????????????????????????????????????? | | ?????????????????????????????????????????????????? | | ?????????????????????????????????????????????????? | | ?????????????????????????????????????????????????? | | ?????????????????????????????????????????????????? | | ?????????????????????????????????????????????????? | | ?????????????????????????????????????????????????? | | ?????????????????????????????????????????????????? | | ?????????????????????????????????????????????????? | | ?????????????????????????????????????????????????? | | ?????????????????????????????????????????????????? | | ?????????????????????????????????????????????????? | | ?????????????????????????????????????????????????? | | ?????????????????????????????????????????????????? | | ?????????????????????#############???????????????? | | ?????????????????????"""" #???????????????? | | ???????????????????? "" #???????????????? | | ??????????????????? "" ################# | | ??????????????????""""" / | | ?????????????????? """ / | | ??????????????????"""" / | | ?????????????????""""" ################# | | ?????????????" """""" MMM #???????????????? | | ????+????????" " MMM #???????????????? | | ?????????????" " MMM "#???????????????? | | ?????????????????"""" @ """"#???????????????? | | ?????????????" "" """""#???????????????? | | ???????????# """"" """"#???????????????? | | ???????????# " " " " #???????????????? | | ???????????# " " " " #???????????????? | | ???????????? " " " """" " #???????????????? | | ???????????? ?" " " """" #???????????????? | | ??????????????? ???? " " " #???????????????? | | ?????????????????????"""" " #???????????????? | | ???????????????????????? """""???????????????????? | | ???????????????????????? " ? "???????????????????? | | ????????????????????????#????????????????????????? | | ?????????????????????????????????????????????????? | | ?????????????????????????????????????????????????? | | ??^??????????????????????????????????????????????? | | ?????????????????????????????????????????????????? | | ?????????????????????????????????????????????????? | | ?????????????????????????????????????????????????? | | ?????????????????????????????????????????????????? | | ?????????????????????????????????????????????????? | | ?????????????????????????????????????????????????? | | ?????????????????????????????????????????????????? | | ?????????????????????????????????????????????????? | | ?????????????????????????????????????????????????? | | ?????????????????????????????????????????????????? | +----------------------------------------------------+ Best States ------------- Heat Dissipation 218 Energy Generation 80 Energy Capacity 850 Matter Stores 300 Matter Capacity 300 Sight Range 24 Robot Scan Range 18 Terrain Scan Range 24 Terrain Scan Density 210 ECM Strength 2 Jamming Range 16 Cloak Strength 5 Power Amplification 100 Base Temperature (-) 200 Armor Coverage 825 Resistance: KI 20 Resistance: TH 20 Resistance: EX 75 Resistance: EM 20 Resistance: I 20 Resistance: S 20 Resistance: P 20 Utility Shielding 66 Point Defense Rating 240 Melee Speed Boost 30 Phase Shifting 15 Evasion (%) 71 Melee Accuracy 6 Core Analysis 6 Recoil Reduction 4 Offensive Hacking 26 Defensive Hacking 20 Item Schematics ----------------- Rocket Launcher | -9/Materials | Scanalyzed Lgt. Treads | -9/Materials | Scanalyzed Flexi-carbon Leg | -8/Storage | Hacked Imp. Shield Generator | -8/Storage | Hacked Imp. Cryofiber Web | -8/Storage | Hacked Adv. Assault Cannon | -7/Zion | Archive Imp. Core Shielding | -7/Zion | Archive Xenon Bombardment Thruster | -7/Zion | Archive Imp. Medium Treads | -7/Zion | Archive Powered Hammer | -7/Zion | Archive Matter Compressor | -7/Zion | Archive Imp. Carbon-fiber Leg | -7/Zion | Archive Lrn. Tractor Beam | -7/Zion | Archive Imp. Arc Projector | -7/Zion | Archive Imp. Melee Analysis Suite | -7/Zion | Archive Hyp. Gauss Rifle | -7/Zion | Archive Arm. Leg | -7/Zion | Archive Imp. Field Recycling Unit | -7/Zion | Archive Gauss Rifle | -7/Zion | Archive Adv. Heat Sink | -7/Zion | Archive Gravmag Array | -4/Factory | Z-intel Adv. Weight Redist. System | -4/Factory | Z-intel Force Lance | -4/Factory | Z-intel Shield Generator | -4/Factory | Z-intel Hvy. Disruptor Cannon | -4/Factory | Z-intel Adv. Target Analyzer | -4/Factory | Z-intel Adv. ECM Suite | -4/Factory | Z-intel Adv. Plasma Cannon | -4/Factory | Z-intel Imp. Propulsion Shielding | -4/Factory | Z-intel Adv. VSS Leg | -4/Factory | Z-intel Adv. Shield Generator | -4/Factory | Z-intel Hvy. Reflective Plating | -4/Factory | Z-intel Lyr. Medium Armor Plating | -3/Research | Scanalyzed Spectral Analyzer | -2/Testing | Archive Exp. Heat Sink | -2/Testing | Archive Exp. Gyrokinetic Inverter | -2/Testing | Archive Exp. Power Amplifier | -2/Testing | Archive Hds. Centrium Wheel | -2/Testing | Archive Imp. Q-thruster | -1/Access | Z-intel Prc. Phase Gun | -1/Access | Z-intel Imp. Diametric Drive | -1/Access | Z-intel Thermal Barrier | -1/Access | Z-intel Com. Mass Driver | -1/Access | Z-intel Exp. Signal Interpreter | -1/Access | Z-intel Exp. EM Disruption Field | -1/Access | Z-intel Hds. Centrium Leg | -1/Access | Z-intel Adv. Gravity Neutralizer | -1/Access | Z-intel Diametric Drive | -1/Access | Z-intel Adv. Thermal Defense Suite | -1/Access | Z-intel Electron Diverter | -1/Access | Z-intel Exp. Biometal Medium Treads | -1/Access | Z-intel Coolant Network | -1/Access | Z-intel Quantum Shading Machine | -1/Access | Z-intel Prc. Matter Filter | -1/Access | Z-intel Ionic Axe | -1/Access | Z-intel Nanosword | -1/Access | Z-intel Com. Particle Reactor | -1/Access | Z-intel Exp. Target Analyzer | -1/Access | Z-intel Robot Schematics ------------------ T-07 Excavator | -7/Zion | Archive A-02 Transporter | -7/Zion | Archive L-41 Fighter | -7/Zion | Archive H-77 Assassin | -7/Zion | Archive G-73 Enforcer | -2/Testing | Archive A-27 Freighter | -1/Command | Z-intel R-06 Scavenger | -1/Command | Z-intel X-87 Electro | -1/Command | Z-intel E-15 Imp | -1/Command | Z-intel A-15 Conveyor | -1/Command | Z-intel C-65 Expert | -1/Command | Z-intel S-43 Plague | -1/Command | Z-intel K-01 Serf | -1/Command | Z-intel Fabricated ------------ Nothing Repaired ---------- Lgt. Treads | 37% | -10/Materials Lyr. Medium Armor Plating | 60% | -4/Factory Cmb. Linear Gravjet | 7% | -1/Command Studied --------- Hvy. Assault Rifle | -9/Materials | Hacked Flexi-carbon Leg | -5/Factory | Hacked Imp. Carbon-fiber Leg | -5/Factory | Hacked Carbon-fiber Leg | -5/Factory | Hacked Arm. Leg | -5/Factory | Hacked VSS Leg | -5/Factory | Hacked Hvy. Shock Bomb Launcher | -5/Factory | Hacked Hvy. Missile Launcher | -4/Factory | Hacked Imp. Gyrokinetic Inverter | -3/Research | Hacked Imp. Antigrav System | -2/Testing | Hacked Cmb. Linear Gravjet | -2/Testing | Hacked Antigrav System | -2/Testing | Hacked Antigrav Array | -2/Testing | Hacked Lgt. Quantum Reactor | -2/Testing | Hacked Mic. Antimatter Reactor | -2/Testing | Hacked Nova Cannon | -2/Section 7 | Hacked Imp. Remote Datajack | -1/Access | Hacked Alien Tech Used ----------------- Integrated Reactor Integrity Redistributor Core Regenerator LRC Energy Well Sigix Sheargun Terrabomb Achievements -------------- None Challenges ------------ None Game ------ Seed MolecularCoreTrident Manual? 0 Play Time 04:22:05 Cumulative 424.0 hours Start 2026.04.15 @ 21:16:53 End 2026.04.17 @ 00:35:11 Sessions 1 Manual Loads 0 Difficulty Rogue Special Mode None Game No. 256 Rogue 256 Adventurer 0 Explorer 0 Win Type - Total 17 Types 9/1/3/2/1/0/0/1/0/0 Lore% 93 Gallery% 81 Achievement% 72 Wizard Run 0 Options --------- Layout 1 ASCII 0 Keyboard 0 Movement Mouse Keybinds 0 Fullscreen 2 Font 32/SmallcapsGlow Map View 50x35 Zoom Use 0% Tactical HUD 1 Map Filters NONE Filters NONE Steam 1 RUN: 456bd3ef-bf03-4bb2-8757-16ef6aba819e